Cogmind - Beta 15 @@@ ROGUE MODE // 2025.08.28 @ 17:50:23 Player: C0-2MO Result: Destroyed by V860-z with Fusion Bomb Launcher Performance ------------- Evolutions (8) 4000 Regions Visited (24) 4800 Robots Destroyed (137) 685 Value Destroyed (6498) 6498 Prototype IDs (152) 3040 Alien Tech Used (6) 1200 Bonus (23614) 23614 TOTAL SCORE: 43837 Bonus ------- High Alert Combat Kills 505 Follower Combat Kills 1546 Entered Garrisons 200 Used RIF Installer 1000 Network Hubs Disabled 400 Delivered SUBCON Basin 2000 Registered with UFD 300 Met Optimus in HQ 500 Met Zhirov 300 Built Enhanced Grunts 300 A7 Reached Mainframe 300 Met R17 at Cetus 500 Destroyed Superfortress 15000 Met Optimus at Protoforge 1000 Friendly Fire -237 Cogmind --------- Core Integrity 0/1450 Matter 160/300 Energy 100/100 System Corruption 0% Temperature Cool (9) Movement Flying (97) Ox1 Location -2/Protoforge Parts ------- > --- POWER (2) -------- (None) > --- PROPULSION (9) --- Experimental Biomechanical Wings Experimental Biomechanical Wings > --- UTILITY (10) ----- Concept Antigrav Storage Unit Experimental Core Analyzer Advanced Hacking Suite Improved Corruption Screen > --- WEAPON (2) ------- (None) > --- INVENTORY (25) --- Micro Antimatter Reactor Concept Zero-point Core Faulty Experimental Biomechanical Wings Faulty Concept Fieldthrust Drive Deep Structural Scanner Experimental Reaction Control System Concept Reaction Jets Concept Cloak Mesh Faulty Concept Cloak Mesh Concept Beam Splitter Authchip [Device] Authchip [Device] Concept Matter Streamer Crosscalibrator Transdimensional Reconstructor Core Cannon Concept Heavy Railcannon Experimental Jetlance Peak State ------------ > --- POWER ------------ Micro Antimatter Reactor Concept Zero-point Core > --- PROPULSION ------- Impulse Thruster Array Impulse Thruster Array Impulse Thruster Array Experimental Surge Thruster Experimental Surge Thruster Concept Fieldthrust Drive > --- UTILITY ---------- Concept Antigrav Storage Unit Spectral Analyzer Experimental Core Analyzer Concept Core Shell Experimental Utility Shielding Advanced Hacking Suite Advanced Hacking Suite Experimental Hacking Suite Improved Corruption Screen Crosscalibrator > --- WEAPON ----------- Concept Heavy Railcannon > --- INVENTORY -------- Micro Antimatter Reactor Experimental Biomechanical Wings Experimental Biomechanical Wings Experimental Biomechanical Wings Experimental Surge Thruster Concept Fieldthrust Drive Concept Chromion Battery Concept NT7 Matterbank Deep Structural Scanner Experimental Reaction Control System Concept Reaction Jets Experimental Cloaking Device Concept Core Shell Concept RG22 Armor Concept Beam Splitter Authchip [Device] Authchip [Device] Advanced System Restoration Module Concept Matter Streamer Transdimensional Reconstructor Core Cannon Concept Rapid Grenade Launcher Experimental Jetlance [Rating: 239] Favorites ----------- Power Micro Fission Core Engine Subdweller Power Source Power Core Micro Fission Core Reactor Micro Antimatter Reactor Propulsion Impulse Thruster Treads Light Treads Wheel Compact Wheel Hover Unit Antigrav System Flight Unit Impulse Thruster Utility Large Storage Unit Device Structural Scanner Storage Large Storage Unit Processor Improved Corruption Screen Hackware Advanced Hacking Suite Protection Experimental Utility Shielding Weapon Greatsword Energy Gun Subdweller Laser Energy Cannon Matter Neutralizer Ballistic Gun Concept XC Strikerail Ballistic Cannon Concept Heavy Railcannon Launcher Subdweller Shrapnel Launcher Special Weapon Improved Plasma Cutter Impact Weapon Mace Slashing Weapon Greatsword Piercing Weapon Experimental Jetlance Special Melee Weapon Improved Datajack Build | -11 -10 -10 -7 -7 -5 -5 -5 -5 -5 -5 -5 -4 -4 -4 -4 -4 -4 -3 -3 -3 -3 -2 -2 -2 ------- Run | Yrd Mat Sub Rec Scr Fac Was Fac Ext Cet Arc Hub Fac Was Fac Upp Upp Zhi Pro Res Gar Tes Res Qua Frg Slots Evolved 16 | . . . . . 10 . . . . . . 2 . . . . . . 2 . . 2 . . Power 1 | . . . . . 1 . . . . . . . . . . . . . . . . . . . Propulsion 7 | . . . . . 5 . . . . . . 1 . . . . . . . . . 1 . . Utility 8 | . . . . . 4 . . . . . . 1 . . . . . . 2 . . 1 . . Weapon . | . . . . . . . . . . . . . . . . . . . . . . . . . Parts Attached 229 | 5 7 13 . 4 41 . 18 7 6 . 4 17 2 17 1 1 2 . 11 3 12 6 3 49 Power 32 | . 1 2 . 1 3 . 5 4 . . 1 1 . 3 . . 1 . 3 . 2 1 . 4 Engine 7 | . 1 2 . . . . 2 2 . . . . . . . . . . . . . . . . Core 14 | . . . . 1 3 . 3 2 . . 1 1 . 1 . . . . . . . . . 2 Reactor 11 | . . . . . . . . . . . . . . 2 . . 1 . 3 . 2 1 . 2 Propulsion 75 | 2 . 4 . 2 14 . 3 1 1 . 2 9 . 9 . . . . 3 2 1 4 . 18 Treads 3 | 1 . 1 . . . . . . 1 . . . . . . . . . . . . . . . Leg . | . . . . . . . . . . . . . . . . . . . . . . . . . Wheel 5 | 1 . 3 . 1 . . . . . . . . . . . . . . . . . . . . Hover 3 | . . . . . 2 . . . . . . . . . . . . . . . . . . 1 Flight 64 | . . . . 1 12 . 3 1 . . 2 9 . 9 . . . . 3 2 1 4 . 17 Utility 87 | 1 3 3 . . 21 . 9 . 2 . 1 7 2 5 1 1 1 . 3 1 5 1 2 18 Device 39 | 1 1 1 . . 9 . 4 . 1 . 1 3 2 3 1 1 . . 1 1 2 . 1 6 Storage 10 | . 2 . . . 2 . 2 . . . . . . . . . . . . . 1 . . 3 Processor 14 | . . . . . 4 . 2 . . . . . . 2 . . . . . . 2 . . 4 Hackware 14 | . . . . . 6 . . . . . . 4 . . . . 1 . 2 . . 1 . . Protection 10 | . . 2 . . . . 1 . 1 . . . . . . . . . . . . . 1 5 Artifact . | . . . . . . . . . . . . . . . . . . . . . . . . . Weapon 35 | 2 3 4 . 1 3 . 1 2 3 . . . . . . . . . 2 . 4 . 1 9 Energy Gun 6 | 1 . 2 . . . . . . 1 . . . . . . . . . . . 1 . . 1 Energy Cannon 2 | . . . . . . . . . . . . . . . . . . . . . 1 . 1 . Ballistic Gun 4 | 1 1 . . . . . . . 1 . . . . . . . . . . . . . . 1 Ballistic Cannon 3 | . . . . . . . . . 1 . . . . . . . . . . . 1 . . 1 Launcher 9 | . 1 2 . . 1 . . . . . . . . . . . . . . . . . . 5 Special Weapon 1 | . . . . . . . . 1 . . . . . . . . . . . . . . . . Impact Weapon 1 | . 1 . . . . . . . . . . . . . . . . . . . . . . . Slashing Weapon 6 | . . . . 1 1 . 1 1 . . . . . . . . . . 2 . . . . . Piercing Weapon 2 | . . . . . . . . . . . . . . . . . . . . . 1 . . 1 Special Melee Weapon 1 | . . . . . 1 . . . . . . . . . . . . . . . . . . . Unidentified Prototypes 42 | . . . . . 2 . 3 . 5 . . . . 3 . . 2 . 1 . 6 1 4 15 Parts Lost 74 | . . 5 . . 8 1 1 3 . . 9 . . . . . . . 2 6 1 . 1 37 Power 6 | . . 1 . . 1 1 . 2 . . . . . . . . . . . . . . . 1 Propulsion 40 | . . 2 . . 3 . . 1 . . 4 . . . . . . . . 3 1 . 1 25 Utility 21 | . . 1 . . 4 . 1 . . . 3 . . . . . . . 1 3 . . . 8 Weapon 7 | . . 1 . . . . . . . . 2 . . . . . . . 1 . . . . 3 Highest Loss Streak 10 | . . 2 . . 5 1 1 2 . . 9 . . . . . . . 1 3 1 . 1 10 To Critical Strikes 1 | . . 1 . . . . . . . . . . . . . . . . . . . . . . Average Backups 11 | 2 5 10 . 6 9 10 10 12 12 12 12 11 14 14 15 15 14 15 14 14 12 12 13 16 Power . | 1 . . . . . . . . . . . 1 1 1 1 1 1 1 1 1 1 1 1 1 Propulsion 1 | 1 2 1 . . . 3 2 3 3 3 3 1 2 2 2 2 2 2 2 2 . . 1 1 Utility 6 | . . 4 . 3 6 4 4 6 7 7 7 8 11 11 12 12 11 11 9 9 7 5 6 8 Weapon 1 | . 2 3 . . . . . 1 1 1 1 . . . . . . . . 1 2 2 2 3 Tool/Special . | . . . . . . . . . . . . . . . . . . . . . . . . . Unused Backups 45 | . 1 . . . 4 7 . . 5 . 3 . 1 1 . . . . 2 . 1 . 1 19 Power 2 | . 1 . . . . . . . 1 . . . . . . . . . . . . . . . Propulsion 11 | . . . . . 2 2 . . . . . . . . . . . . . . . . 1 6 Utility 28 | . . . . . 2 3 . . 4 . 3 . 1 1 . . . . 2 . 1 . . 11 Weapon 1 | . . . . . . . . . . . . . . . . . . . . . . . . 1 Tool/Special 3 | . . . . . . 2 . . . . . . . . . . . . . . . . . 1 Average Slot Usage (%) 86 | . 91 97 100 89 72 74 76 75 72 76 76 76 93 93 94 94 94 94 94 95 93 93 94 80 Engine 3 | . 11 11 14 2 . . 1 5 5 5 4 . . . . . . . . . . . . . Core 3 | . . . . 8 6 5 6 3 5 5 5 9 10 10 10 10 10 10 2 . . . . 2 Reactor 1 | . . . . . . . . . . . . . . . . . . . 6 9 9 7 8 3 Treads 1 | . 14 12 . . . . . . . . . . . . . . . . . . . . . . Wheel 6 | . 14 15 28 27 . . . . . . . . . . . . . . . . . . . . Flight 21 | . . . . . 22 29 27 23 23 23 22 36 42 41 42 42 42 42 37 37 38 38 38 26 Device 11 | . 13 10 14 11 9 11 11 10 6 11 11 13 14 14 15 15 15 15 18 14 14 16 16 3 Storage 6 | . 9 14 14 13 4 3 4 5 5 5 5 5 5 5 5 5 5 5 4 4 4 4 4 4 Processor 6 | . . . . . 3 11 11 11 11 11 11 5 5 5 5 5 5 5 4 4 6 8 8 14 Hackware 6 | . . . . . 10 5 1 . . . . . 10 10 10 10 10 10 13 14 14 13 13 12 Protection 1 | . . 3 . . . . 2 5 5 5 4 . . . . . . . . . . . . 5 Energy Gun 2 | . 14 21 . . . . . . . . . . . . . . . . . . . . . . Launcher 2 | . 1 2 14 11 . . . . . . . . . . . . . . . . . . . . Impact Weapon 1 | . 9 3 14 3 . . . . . . . . . . . . . . . . . . . . Slashing Weapon 3 | . . . . 9 4 5 4 5 5 5 5 4 5 5 5 5 5 5 4 8 3 4 3 2 Peak Build Rating 239 | 5 9 30 30 21 81 78 91 88 88 84 89 92 92 124 122 122 124 124 155 158 162 164 175 239 Average Rating 91 | 3 7 11 25 16 62 74 79 81 78 84 84 58 90 109 122 121 122 124 142 146 142 153 157 191 On Entrance 84 | . 5 9 30 12 14 77 71 86 83 84 84 25 92 90 119 122 122 124 124 155 124 143 158 164 Naked Turns . | . . . . . . . . . . . . . . . . . . . . . . . . . Heaviest Build 71 | 4 28 37 37 40 39 39 46 44 43 43 43 46 41 47 41 41 41 41 60 58 57 57 57 71 Greatest Support 71 | 10 10 36 36 36 53 44 46 46 45 45 45 47 41 54 41 41 41 41 58 58 57 64 64 71 Greatest Overweight (x) 3 | . 2 3 1 2 1 . . . 1 . . 1 . 1 . . . . 1 . 1 . . 2 Average Overweight (x) . | . . 1 1 1 . . . . . . . . . . . . . . . . . . . . Largest Inventory Capacity 25 | 5 15 15 15 15 15 15 15 15 15 15 15 15 15 15 15 15 15 15 15 15 15 15 15 25 Average Capacity 15 | 5 8 15 15 14 13 10 13 15 15 15 15 15 15 15 15 15 15 15 15 15 15 15 15 18 Most Carried 25 | 4 9 15 15 14 15 15 15 15 15 12 14 15 15 15 15 15 15 15 15 15 15 15 15 25 Average Carried 12 | 3 5 11 11 6 10 10 11 14 13 12 13 11 14 14 15 15 14 15 14 14 12 13 14 18 Final Capacity 25 | 5 15 15 15 15 15 5 15 15 15 15 15 15 15 15 15 15 15 15 15 15 15 15 15 25 Final Carried 20 | 4 9 15 1 13 14 5 14 15 12 12 11 15 14 15 15 15 15 15 15 12 14 15 14 20 Class Distribution -------------------- 29% | Mutant 18% | Hacker-Scout 14% | Hacker-Sprinter 7% | Scout 6% | Hacker-Ninja 6% | Scavenger-Sprinter 4% | Sprinter 3% | Scavenger-Scout 3% | Hacker-Mutant Dominant Class ---------------- Mutant | -10/Materials Mutant | -10/Subcaves Mutant | -7/Recycling Mutant | -7/Scraptown Hacker-Scout | -5/Factory Infiltrator-Sprinter | -5/Waste Scout | -5/Factory Scout | -5/Extension Commander-Sprinter | -5/Cetus Commander-Scout | -5/Archives Scout | -5/Hub_04(d) Scavenger-Scout | -4/Factory Hacker-Scout | -4/Waste Hacker-Scout | -4/Factory Hacker-Scout | -4/Upper Caves Hacker-Scout | -4/Upper Caves Hacker-Scout | -4/Zhirov Hacker-Scout | -3/Proximity Caves Hacker-Scout | -3/Research Hacker-Sprinter | -3/Garrison Hacker-Sprinter | -3/Testing Hacker-Ninja | -2/Research Hacker-Ninja | -2/Quarantine Hacker-Sprinter | -2/Protoforge Resources | -11 -10 -10 -7 -7 -5 -5 -5 -5 -5 -5 -5 -4 -4 -4 -4 -4 -4 -3 -3 -3 -3 -2 -2 -2 ----------- Run | Yrd Mat Sub Rec Scr Fac Was Fac Ext Cet Arc Hub Fac Was Fac Upp Upp Zhi Pro Res Gar Tes Res Qua Frg Matter Collected 7637 | 261 120 379 28 30 434 . 429 145 132 . 50 145 120 145 159 29 59 . 180 15 98 455 168 4056 Remotely 612 | . . . . . . . . . . . . . . . . . . . . . . . . 612 Salvage Created 5578 | 83 248 339 . . 249 . 496 282 126 . 40 217 . 162 . . 220 . 366 . 98 455 188 2009 Parts 263 | 4 16 23 . . 22 . 25 14 7 . 1 19 . 8 . . 2 . 19 . 3 14 6 80 Haulers Intercepted 2 | . 1 . . . . . 1 . . . . . . . . . . . . . . . . . Recyclers Shooed 2 | . . . . . 1 . . . . . . . . . . . . . . . . 1 . . Parts Field Recycled . | . . . . . . . . . . . . . . . . . . . . . . . . . Retrieved Matter . | . . . . . . . . . . . . . . . . . . . . . . . . . Parts Self-Destructed 15 | . . 13 . . . . . . . . . . . . . . 2 . . . . . . . Prevented . | . . . . . . . . . . . . . . . . . . . . . . . . . Kills | -11 -10 -10 -7 -7 -5 -5 -5 -5 -5 -5 -5 -4 -4 -4 -4 -4 -4 -3 -3 -3 -3 -2 -2 -2 ------- Run | Yrd Mat Sub Rec Scr Fac Was Fac Ext Cet Arc Hub Fac Was Fac Upp Upp Zhi Pro Res Gar Tes Res Qua Frg Combat Hostiles Destroyed 93 | . 7 10 . . 6 . . 6 2 . . 5 . 1 . . . . 1 . . . . 55 Melee 37 | . 1 . . . 2 . . 6 . . . 5 . 1 . . . . 1 . . . . 21 Guns 23 | . 2 8 . . . . . . . . . . . . . . . . . . . . . 13 Cannons 11 | . . . . . . . . . 2 . . . . . . . . . . . . . . 9 AOE 21 | . 3 2 . . 4 . . . . . . . . . . . . . . . . . . 12 Classes Destroyed 24 | 2 4 3 . . 3 . 2 1 . . . . . 1 . . . . . . . . . 8 Worker 2 | . . . . . . . 2 . . . . . . . . . . . . . . . . . Builder 8 | . 1 . . . 2 . 1 . . . . 3 . . . . . . . . . . 1 . Tunneler 2 | 1 . . . . . . 1 . . . . . . . . . . . . . . . . . Hauler 2 | . 1 . . . . . 1 . . . . . . . . . . . . . . . . . Recycler 9 | 1 . . . . 1 . 2 . . . . . . . . . . . 1 . . 3 1 . Mechanic 2 | . . . . . . . . . . . . . . . . . . . . . . . . 2 Operator 4 | . . . . . 1 . 1 . . . . . . . . . . . 2 . . . . . Drone 19 | . . . . . . . . . . . . . . . . . . . . . . . . 19 Turret 2 | . . 2 . . . . . . . . . . . . . . . . . . . . . . Watcher 13 | . . . . . . . 2 . . . 1 1 . 2 . . . . 3 . 2 1 1 . Swarmer 18 | . 2 3 . . 3 . . 3 . . . 5 . . . . . . . . . . . 2 Cutter 1 | . . . . . 1 . . . . . . . . . . . . . . . . . . . Grunt 13 | . 5 1 . . . . . 2 . . . . . . . . . . 1 . . . . 4 Protector 2 | . . . . . . . . . . . . . . . . . . . . . . . . 2 Sentry 7 | . . 1 . . . . . . . . . . . . . . . . . . . . . 6 Hunter 5 | . . . . . . . . . . . . . . 1 . . . . . . . . . 4 Programmer 4 | . . . . . 2 . . . . . . . . . . . . . . . . . . 2 Behemoth 1 | . . . . . . . . 1 . . . . . . . . . . . . . . . . Cetus Guard 2 | . . . . . . . . . 2 . . . . . . . . . . . . . . . Hotshot 1 | . . . . . . . . . . . . . . . . . . . . . . . . 1 Decapitator 3 | . . . . . . . . . . . . . . . . . . . . . . . . 3 Immortal 6 | . . . . . . . . . . . . . . . . . . . . . . . . 6 Striker 3 | . . . . . . . . . . . . . . . . . . . . . . . . 3 Executioner 1 | . . . . . . . . . . . . . . . . . . . . . . . . 1 Alpha 7 1 | . . . . . . . . . . . . . . . . . . . . . . . . 1 V-Series 1 | . . . . . . . . . . . . . . . . . . . . . . . . 1 Subdweller 5 | . . 5 . . . . . . . . . . . . . . . . . . . . . . Best Kill Streak 8 | 2 4 3 . . 4 . 4 3 2 . 1 8 . 2 . . . . 3 . 1 4 1 7 Combat Bots Only 7 | . 3 3 . . 4 . . 3 2 . . 4 . 1 . . . . 1 . . . . 7 Max Kills in Single Turn 3 | 1 2 2 . . 2 . 1 1 1 . 1 1 . 1 . . . . 1 . 1 1 1 3 Gunslinging . | . . . . . . . . . . . . . . . . . . . . . . . . . Exploded 3 | . 1 2 . . 2 . . . . . . . . . . . . . . . . . . 3 Melee 1 | . 1 . . . 1 . . 1 . . . 1 . 1 . . . . 1 . . . . 1 Uniques/NPCs Destroyed . | . . . . . . . . . . . . . . . . . . . . . . . . . Combat | -11 -10 -10 -7 -7 -5 -5 -5 -5 -5 -5 -5 -4 -4 -4 -4 -4 -4 -3 -3 -3 -3 -2 -2 -2 -------- Run | Yrd Mat Sub Rec Scr Fac Was Fac Ext Cet Arc Hub Fac Was Fac Upp Upp Zhi Pro Res Gar Tes Res Qua Frg Hostile Shots Fired 751 | . 23 52 9 . 81 1 21 77 3 . 50 27 . 5 2 2 . . 35 47 20 9 15 272 Missed 302 | . 7 14 5 . 41 . 13 27 2 . 20 15 . 4 . . . . 15 21 9 5 8 96 Hits 449 | . 16 38 4 . 40 1 8 50 1 . 30 12 . 1 2 2 . . 20 26 11 4 7 176 Melee 24 | . . . . . 9 1 . . . . . . . . . . . . . . . . . 14 Projectile 425 | . 16 38 4 . 31 . 8 50 1 . 30 12 . 1 2 2 . . 20 26 11 4 7 162 AOE 34 | . . . . . . . . . . . . . . . . . . . . . . . . 34 Critical Strikes 36 | . . 4 . . 8 . . 1 2 . 3 . . . . . . . . 2 . . . 16 Actively Blocked 2 | . . . . . . . . . . . . . . . . . . . . . . . . 2 Damage Taken 10908 | . 212 574 33 . 899 42 142 796 98 . 675 195 . 17 49 41 . . 436 524 226 86 196 5667 Core 2265 | . 61 78 17 . 87 26 . 195 86 . 210 75 . . . . . . 107 107 22 43 67 1084 Absorbed by Shields 179 | . . . . . . . . 81 70 . . . . . . . . . . . . . . 28 Redirected to Shielding 820 | . . . . . . . 16 62 . . 75 . . . . . . . . . . . . 667 Regen/Repaired (Parts) 1028 | . . . . . 23 . 159 . . . . . 59 . . . . . 82 . 131 127 14 433 Core Remaining (%) 70 | 100 . . . 37 . . . . . . 39 . . . . . . 93 . . 81 . . . Volleys Fired 276 | 11 6 34 . . 6 . . . 6 . . . . . . . . . . . 6 3 3 201 Largest 2 | 2 2 2 . . 1 . . . 1 . . . . . . . . . . . 2 1 1 2 Hottest 300 | 70 80 120 . . 43 . . . 48 . . . . . . . . . . . 185 105 105 300 Shots Fired 312 | 22 11 51 . . 6 . . . 6 . . . . . . . . . . . 7 3 3 203 Gun 185 | 22 6 38 . . . . . . . . . . . . . . . . . . 1 . . 118 Cannon 86 | . . . . . . . . . 6 . . . . . . . . . . . 6 3 3 68 Launcher 41 | . 5 13 . . 6 . . . . . . . . . . . . . . . . . . 17 Special . | . . . . . . . . . . . . . . . . . . . . . . . . . Kinetic 200 | 11 . 4 . . . . . . 6 . . . . . . . . . . . . . . 179 Thermal 70 | 11 6 34 . . . . . . . . . . . . . . . . . . 6 3 3 7 Explosive 41 | . 5 13 . . 6 . . . . . . . . . . . . . . . . . . 17 Electromagnetic 1 | . . . . . . . . . . . . . . . . . . . . . 1 . . . Robot Hit Streak 43 | 7 3 16 . . 4 . . . 4 . . . . . . . . . . . . . . 43 Robot Miss Streak 5 | 2 2 1 . . 2 . . . 3 . . . . . . . . . . . . . . 5 Penetration Max 1 | . . . . . . . . . 1 . . . . . . . . . . . . . . 1 Secondary Targets 1 | . . 1 . . . . . . . . . . . . . . . . . . . . . . Max Gunslinging Chain 1 | . . 1 . . . . . . . . . . . . . . . . . . . . . . Shots Hit Robots 370 | 15 12 30 . . 16 . 10 51 4 1 2 12 . 4 . . 9 . 9 . 5 6 7 177 Core Hits 211 | 4 13 25 . . 11 . 6 8 3 . 1 6 . 3 . . 2 . 5 . 2 3 3 116 Critical Kills 9 | . 1 1 . . . . . . 2 . . . . . . . . . . . . . . 5 Critical Parts Destroyed 4 | . . . . . . . . . . . . . . . . . . . . . . . . 4 Critical Strikes 50 | 1 2 5 . . . . . 4 3 . . . . . . . . . 1 . 2 . . 32 Burn 4 | 1 1 2 . . . . . . . . . . . . . . . . . . . . . . Destroy 18 | . . 3 . . . . . . 3 . . . . . . . . . . . . . . 12 Blast 16 | . . . . . . . . . . . . . . . . . . . . . . . . 16 Smash 1 | . 1 . . . . . . . . . . . . . . . . . . . . . . . Sever 7 | . . . . . . . . 4 . . . . . . . . . . 1 . 2 . . . Impale 4 | . . . . . . . . . . . . . . . . . . . . . . . . 4 Melee Attacks 539 | . 25 11 5 . 61 . 67 57 . 1 10 38 . 48 2 5 10 5 51 13 20 22 22 66 Impact 41 | . 25 11 5 . . . . . . . . . . . . . . . . . . . . . Slashing 457 | . . . . . 59 . 67 34 . 1 10 38 . 48 2 5 10 5 51 13 20 22 22 50 Piercing 16 | . . . . . . . . . . . . . . . . . . . . . . . . 16 Sneak Attacks 79 | . 1 . . . 6 . 7 24 . 1 1 4 . . . . . . 3 . 1 3 2 26 Combat Hostiles 3 | . . . . . . . . 1 . . . 1 . . . . . . 1 . . . . . Follow-up Attacks . | . . . . . . . . . . . . . . . . . . . . . . . . . Damage Inflicted 24655 | 154 635 858 . . 1491 . 1098 1216 92 79 129 903 . 243 . . 982 . 777 . 356 523 506 14613 Guns 5135 | 154 67 493 . . . . . . . . . . . . . . . . . . . . . 4421 Cannons 3987 | . . . . . . . . . 92 . . . . . . . . . . . . . . 3895 Explosions 4400 | . 287 365 . . 709 . . . . . . . . . . . . . . . . . . 3039 Melee 11133 | . 281 . . . 782 . 1098 1216 . 79 129 903 . 243 . . 982 . 777 . 356 523 506 3258 Ramming . | . . . . . . . . . . . . . . . . . . . . . . . . . Kinetic 8518 | 58 . 52 . . . . . . 92 . . . . . . . . . . . . . . 8316 Thermal 604 | 96 67 441 . . . . . . . . . . . . . . . . . . . . . . Explosive 4400 | . 287 365 . . 709 . . . . . . . . . . . . . . . . . . 3039 Electromagnetic . | . . . . . . . . . . . . . . . . . . . . . . . . . Impact 281 | . 281 . . . . . . . . . . . . . . . . . . . . . . . Slashing 10168 | . . . . . 782 . 1098 1216 . 79 129 903 . 243 . . 982 . 777 . 356 523 506 2574 Piercing 684 | . . . . . . . . . . . . . . . . . . . . . . . . 684 Highest Corruption 3 | . . . . . 3 . 1 1 1 1 2 . . 2 2 2 2 2 . . . . . . Average Corruption 1 | . . . . . 2 . 1 1 1 1 1 . . 2 2 2 2 2 . . . . . . Corruption Purged 4 | . . . . . 3 . 1 . . . . . . . . . . . . . . . . . Corruption Blocked 23 | . . . . . . 9 . . . . . . . . . . . . . . 1 1 1 11 Effects 22 | . . . . . 4 . . 1 . . . . . 10 1 4 1 1 . . . . . . Message Errors 5 | . . . . . 1 . . . . . . . . 3 . . . 1 . . . . . . Matter Fused 8 | . . . . . 1 . . . . . . . . 5 . 1 1 . . . . . . . Heat Flow Errors 3 | . . . . . 1 . . . . . . . . 1 1 . . . . . . . . . Energy Discharges 3 | . . . . . 1 . . 1 . . . . . . . 1 . . . . . . . . Data Loss (minor) 2 | . . . . . . . . . . . . . . . . 2 . . . . . . . . Data Loss (major) 1 | . . . . . . . . . . . . . . 1 . . . . . . . . . . Overload Shots . | . . . . . . . . . . . . . . . . . . . . . . . . . Overflow Damage 2866 | . 17 7 . . 294 . 311 18 . . 56 249 . 2 . . 238 . 233 . 82 154 63 1142 Projectiles 171 | . . . . . . . . . . . . . . . . . . . . . . . . 171 Explosions 101 | . . 7 . . 22 . . . . . . . . . . . . . . . . . . 72 Melee 2594 | . 17 . . . 272 . 311 18 . . 56 249 . 2 . . 238 . 233 . 82 154 63 899 Knockbacks 12 | . 1 . . . . . . . . . . . . . . . . . . . . . . 11 Impact 1 | . 1 . . . . . . . . . . . . . . . . . . . . . . . Kinetic 11 | . . . . . . . . . . . . . . . . . . . . . . . . 11 Secondary . | . . . . . . . . . . . . . . . . . . . . . . . . . Self-Inflicted Damage 80 | . 22 58 . . . . . . . . . . . . . . . . . . . . . . Shots 3 | . 1 2 . . . . . . . . . . . . . . . . . . . . . . Rammed . | . . . . . . . . . . . . . . . . . . . . . . . . . Targets Rammed . | . . . . . . . . . . . . . . . . . . . . . . . . . Kicked . | . . . . . . . . . . . . . . . . . . . . . . . . . Crushed . | . . . . . . . . . . . . . . . . . . . . . . . . . Highest Temperature 199 | 40 82 85 . . 199 3 57 16 72 . 29 198 115 170 66 . . . 24 35 20 98 3 144 Average Temperature 30 | 20 35 39 . . 25 2 16 5 38 . 9 47 76 61 30 . . . 6 9 4 43 3 77 Received Heat Transfer 1134 | . 81 174 12 . 27 . 57 128 . . 180 12 . . 9 . . . 63 85 39 9 18 240 Siege Activations . | . . . . . . . . . . . . . . . . . . . . . . . . . Martial Activations . | . . . . . . . . . . . . . . . . . . . . . . . . . Shielding Activations . | . . . . . . . . . . . . . . . . . . . . . . . . . Robots Disrupted . | . . . . . . . . . . . . . . . . . . . . . . . . . Combat Hostiles . | . . . . . . . . . . . . . . . . . . . . . . . . . Robots Corrupted 1 | . 1 . . . . . . . . . . . . . . . . . . . . . . . Combat Hostiles 1 | . 1 . . . . . . . . . . . . . . . . . . . . . . . Parts Fried 1 | . . . . . . . . 1 . . . . . . . . . . . . . . . . Impact Corruptions 1 | . 1 . . . . . . . . . . . . . . . . . . . . . . . Robots Melted . | . . . . . . . . . . . . . . . . . . . . . . . . . Combat Hostiles . | . . . . . . . . . . . . . . . . . . . . . . . . . Parts Melted 6 | . 2 2 . . 1 . . 1 . . . . . . . . . . . . . . . . Heat Transferred 1522 | 370 259 893 . . . . . . . . . . . . . . . . . . . . . . Parts Sabotaged 4 | . . . . . . . . . . . . . . . . . . . . . . . . 4 Parts Stolen . | . . . . . . . . . . . . . . . . . . . . . . . . . Parts Stripped . | . . . . . . . . . . . . . . . . . . . . . . . . . Power Chain Reactions 2 | . . . . . 1 . . . . . . . . 1 . . . . . . . . . . Alert | -11 -10 -10 -7 -7 -5 -5 -5 -5 -5 -5 -5 -4 -4 -4 -4 -4 -4 -3 -3 -3 -3 -2 -2 -2 ------- Run | Yrd Mat Sub Rec Scr Fac Was Fac Ext Cet Arc Hub Fac Was Fac Upp Upp Zhi Pro Res Gar Tes Res Qua Frg Maximum Alert Level 3 | . . . 1 . 2 . 2 2 2 . 2 2 . 1 . . . . 1 2 1 . . 3 Low Security (%) 52 | 100 100 . 67 . 72 100 1 5 . 100 1 12 100 89 . . . . 54 . 96 100 100 44 Level 1 29 | . . . 32 . 2 . 75 10 92 . 58 62 . 10 . . . . 45 92 3 . . 30 Level 2 16 | . . . . . 25 . 23 84 7 . 40 24 . . . . . . . 7 . . . 22 Level 3 . | . . . . . . . . . . . . . . . . . . . . . . . . 3 Level 4 . | . . . . . . . . . . . . . . . . . . . . . . . . . Level 5 . | . . . . . . . . . . . . . . . . . . . . . . . . . High Security . | . . . . . . . . . . . . . . . . . . . . . . . . . Max Security . | . . . . . . . . . . . . . . . . . . . . . . . . . Peak Influence 746 | 5 154 . 343 . 655 185 508 588 413 134 560 556 109 254 . . . . 329 415 228 51 170 746 Initial 320 | . . . 186 . . 185 115 195 320 134 36 186 109 34 . . . . . 228 228 14 15 95 Average 215 | . 39 . 133 . 174 177 360 467 346 120 342 333 82 91 . . . . 172 309 79 23 86 257 Influence Increases 10195 | 10 321 485 309 . 1182 . 854 901 303 . 604 750 . 881 . 15 15 . 861 259 288 185 375 1597 Destroy 0b10 Robot/C 2200 | . 140 140 . . 120 . . 500 160 . 80 100 . 240 . . . . 40 . . . . 680 Destroy 0b10 Robot/NC 360 | 10 10 . . . 20 . 50 10 10 . 10 20 . 15 . . 15 . 30 . 10 20 15 115 Destroy Leader 302 | . 22 . . . 30 . 6 42 . . 42 12 . 44 . . . . 6 . 4 2 2 90 Allied During Kill 472 | . . . . . . . . 181 104 . 67 . . 120 . . . . . . . . . . Successful Hack 1016 | . 37 . 20 . 118 . 55 52 . . 38 177 . 51 . . . . 143 10 79 67 130 39 Select Force Hacks 430 | . 30 . 270 . 50 . . . . . . . . 50 . . . . 30 . . . . . Disable Machine 555 | . . . . . 75 . 30 30 15 . 75 . . 30 . . . . . . 30 . 45 225 Anti-Garrison Action 850 | . . . . . 200 . 200 . . . 200 200 . . . . . . . 50 . . . . Destroy Structure 845 | . 37 . 4 . 164 . 108 26 14 . 32 46 . 76 . . . . 72 49 30 51 33 103 Partial Spotted 825 | . 15 . . . 135 . 120 15 . . 30 60 . 60 . . . . 255 30 . . 15 90 Lose Combat Pursuer 2340 | . 30 345 15 . 270 . 285 45 . . 30 135 . 195 . 15 . . 285 120 135 45 135 255 Influence Decreases 9571 | 10 191 226 698 . 652 365 620 728 538 233 328 816 265 820 71 48 21 . 556 157 669 184 232 1143 Entered New Map 2212 | . . 63 203 . . 345 50 204 252 203 68 194 205 15 41 8 6 . . 77 179 12 12 75 Time Decay 4497 | 10 191 153 345 . 422 10 410 294 246 30 90 302 60 295 30 40 15 . 286 . 310 169 190 599 Search Patrol Dispatched 150 | . . . . . . . 150 . . . . . . . . . . . . . . . . . Lost Part 679 | . . 10 . . 80 10 10 30 . . 90 . . . . . . . 20 60 10 . 10 349 Lost Ally 983 | . . . . . . . . 200 40 . 80 20 . 360 . . . . 100 20 20 3 20 120 Purge Threat 1050 | . . . 150 . 150 . . . . . . 300 . 150 . . . . 150 . 150 . . . Squads Dispatched 95 | . 2 . . . 16 . 17 . . . 6 9 . 11 . . . . 14 . 4 5 3 8 Investigation 62 | . 2 . . . 11 . 12 . . . 2 7 . 7 . . . . 12 . 2 1 1 5 Extermination 18 | . . . . . 4 . 3 . . . . 1 . 3 . . . . 1 . 2 2 2 . Reinforcement 15 | . . . . . 1 . 2 . . . 4 1 . 1 . . . . 1 . . 2 . 3 Assault . | . . . . . . . . . . . . . . . . . . . . . . . . . Garrison . | . . . . . . . . . . . . . . . . . . . . . . . . . Intercept . | . . . . . . . . . . . . . . . . . . . . . . . . . Searches Triggered 1 | . . . . . . . 1 . . . . . . . . . . . . . . . . . Construction Impeded . | . . . . . . . . . . . . . . . . . . . . . . . . . Haulers Reinforced 1 | . . . . . . . . . . . . . . . . . . . 1 . . . . . Active Scanning Responses . | . . . . . . . . . . . . . . . . . . . . . . . . . Cargo Convoy Interrupts 1 | . . . . . . . 1 . . . . . . . . . . . . . . . . . Stealth | -11 -10 -10 -7 -7 -5 -5 -5 -5 -5 -5 -5 -4 -4 -4 -4 -4 -4 -3 -3 -3 -3 -2 -2 -2 --------- Run | Yrd Mat Sub Rec Scr Fac Was Fac Ext Cet Arc Hub Fac Was Fac Upp Upp Zhi Pro Res Gar Tes Res Qua Frg Distress Signals 35 | . 1 . . . 1 . 3 1 2 . 3 1 . 1 . . . . 9 . 3 2 2 6 Communications Jammed . | . . . . . . . . . . . . . . . . . . . . . . . . . Distress Signals . | . . . . . . . . . . . . . . . . . . . . . . . . . Times Spotted 445 | . 16 15 1 . 34 3 28 29 11 . 25 25 . 20 1 1 . . 35 16 23 24 16 122 Peak Tracking Total 20 | . 5 4 1 . 10 3 7 6 5 . 20 8 . 7 1 1 . . 13 12 9 8 9 14 Tactical Retreats 88 | . 1 4 1 . 9 . 13 3 . . 2 6 . 7 . 1 . . 8 3 6 5 3 16 Traps | -11 -10 -10 -7 -7 -5 -5 -5 -5 -5 -5 -5 -4 -4 -4 -4 -4 -4 -3 -3 -3 -3 -2 -2 -2 ------- Run | Yrd Mat Sub Rec Scr Fac Was Fac Ext Cet Arc Hub Fac Was Fac Upp Upp Zhi Pro Res Gar Tes Res Qua Frg Traps Triggered 29 | . 1 . . . 5 . 1 4 . . . 2 . 2 . . . . . 4 . . . 10 Indirectly . | . . . . . . . . . . . . . . . . . . . . . . . . . Trap Hack Attempts . | . . . . . . . . . . . . . . . . . . . . . . . . . Triggered . | . . . . . . . . . . . . . . . . . . . . . . . . . Disarmed 4 | . . . . . . . . . . . . . . . . . . . 4 . . . . . Reprogrammed 6 | . . . . . . . . . . . . . . 6 . . . . . . . . . . Reused . | . . . . . . . . . . . . . . . . . . . . . . . . . Traps Extracted . | . . . . . . . . . . . . . . . . . . . . . . . . . Installed . | . . . . . . . . . . . . . . . . . . . . . . . . . Triggered . | . . . . . . . . . . . . . . . . . . . . . . . . . Machines | -11 -10 -10 -7 -7 -5 -5 -5 -5 -5 -5 -5 -4 -4 -4 -4 -4 -4 -3 -3 -3 -3 -2 -2 -2 ---------- Run | Yrd Mat Sub Rec Scr Fac Was Fac Ext Cet Arc Hub Fac Was Fac Upp Upp Zhi Pro Res Gar Tes Res Qua Frg Machines Disabled 44 | . . 3 . . 5 . 2 2 1 . 5 . . 2 . . 1 . . 1 2 . 3 17 Max in Single Turn 3 | . . 3 . . 1 . 1 1 1 . 1 . . 1 . . 1 . . 1 1 . 1 3 Garrison Access 13 | . . . . . 1 . 2 . . . 1 1 . 2 . . . . 3 . 1 1 . 1 Garrison Relay 1 | . . . . . . . . . . . . . . . . . . . . 1 . . . . Network Hub 2 | . . . . . . . . . . . 2 . . . . . . . . . . . . . Machines Repaired . | . . . . . . . . . . . . . . . . . . . . . . . . . Machines Dismantled 5 | . . . . . . . . 2 1 . 2 . . . . . . . . . . . . . Machines Sabotaged . | . . . . . . . . . . . . . . . . . . . . . . . . . Overloaded Fab Kills 2 | . . . . . 2 . . . . . . . . . . . . . . . . . . . Hacking | -11 -10 -10 -7 -7 -5 -5 -5 -5 -5 -5 -5 -4 -4 -4 -4 -4 -4 -3 -3 -3 -3 -2 -2 -2 --------- Run | Yrd Mat Sub Rec Scr Fac Was Fac Ext Cet Arc Hub Fac Was Fac Upp Upp Zhi Pro Res Gar Tes Res Qua Frg Machines Accessed 213 | . 9 2 14 3 24 . 26 13 1 . 11 19 . 14 . . 4 . 30 1 10 8 13 11 Terminals 116 | . 8 . 5 . 11 . 11 13 1 . 10 9 . 5 . . . . 15 1 6 5 11 5 Fabricators 19 | . . . . . 5 . 4 . . . . 3 . 3 . . . . 2 . . 1 . 1 Repair Stations 11 | . . . . . 1 . 2 . . . . . . . . . . . 3 . 2 1 1 1 Recycling Units 36 | . 1 . 9 . 5 . 6 . . . . 4 . 4 . . . . 4 . . . . 3 Scanalyzers 7 | . . . . . 1 . 1 . . . . 1 . . . . . . 2 . 1 . 1 . Garrison Access 15 | . . . . . 1 . 2 . . . 1 2 . 2 . . . . 4 . 1 1 . 1 Total Hacks 764 | . 31 3 31 23 84 . 64 30 1 . 17 76 . 61 . . 17 . 118 5 51 41 70 41 Successful 470 | . 17 3 21 23 52 . 27 12 . . 3 32 . 40 . . 17 . 76 1 44 32 43 27 Failed 291 | . 14 . 10 . 32 . 37 18 1 . 14 43 . 21 . . . . 41 4 7 9 26 14 Catastrophic 44 | . 1 . 1 . 3 . 6 1 1 . 5 12 . 1 . . . . 7 . . 2 3 1 Database Lockouts 3 | . . . . . . . . . . . . 1 . . . . . . 1 . . . 1 . Manual 441 | . 24 . 28 . 48 . 46 17 1 . 12 41 . 43 . . . . 60 5 26 24 39 27 Terminals 499 | . 29 . 18 . 52 . 26 30 1 . 16 46 . 43 . . . . 75 5 38 27 66 27 Fabricators 66 | . . . . . 17 . 12 . . . . 10 . 8 . . . . 11 . . 4 . 4 Repair Stations 30 | . . . . . 2 . 4 . . . . . . . . . . . 6 . 6 8 2 2 Recycling Units 59 | . 2 . 13 . 7 . 14 . . . . 8 . 5 . . . . 4 . . . . 6 Scanalyzers 34 | . . . . . 2 . 4 . . . . 6 . . . . . . 14 . 6 . 2 . Garrison Access 33 | . . . . . 4 . 4 . . . 1 6 . 5 . . . . 8 . 1 2 . 2 Terminal Hacks 166 | . 5 3 4 23 16 . . 5 . . 2 6 . 17 . . 17 . 20 1 15 9 19 4 Record 22 | . . 1 . 16 . . . . . . . . . . . . 5 . . . . . . . Part Schematic 26 | . . . . . 3 . . . . . . 2 . 2 . . 4 . 8 . . 1 6 . Robot Schematic 2 | . . . 1 . . . . . . . . . . . . . . . 1 . . . . . Robot Analysis 19 | . 2 . . 6 1 . . . . . . . . . . . 4 . 1 . 1 . 3 1 Prototype ID Bank 16 | . 1 . . . 3 . . . . . . 1 . 1 . . 4 . 2 . 4 . . . Open Door 6 | . . 1 . . . . . 4 . . . . . . . . . . . . . 1 . . Branch Access Points 2 | . . . . . . . . . . . . . . . . . . . . . 1 1 . . Machine Index 2 | . . . . . . . . . . . . . . . . . . . . . . 1 1 . Terminal Index 7 | . 1 . 1 . 1 . . 1 . . . . . 1 . . . . . . . 1 1 . Fabricator Index 2 | . . . . . . . . . . . . . . . . . . . 1 . . . 1 . Repair Station Index 3 | . . . . . . . . . . . . . . 1 . . . . . . 1 1 . . Recycling Unit Index 1 | . . . 1 . . . . . . . . . . . . . . . . . . . . . Scanalyzer Index 4 | . . . . . 1 . . . . . . 1 . 1 . . . . . . . . 1 . Garrison Index 2 | . . . . . . . . . . . . . . . . . . . . . 1 . 1 . Alert Level 2 | . . . . . 1 . . . . . . . . 1 . . . . . . . . . . Unreport Threat 7 | . . . 1 . 1 . . . . . . 2 . 1 . . . . 1 . 1 . . . Locate Traps 6 | . . . . . 3 . . . . . . . . 1 . . . . 1 . . . . 1 Disarm Traps 1 | . . . . . . . . . . . . . . . . . . . 1 . . . . . Reprogram Traps 1 | . . . . . . . . . . . . . . 1 . . . . . . . . . . Extermination Status 1 | . . . . . . . . . . . . . . 1 . . . . . . . . . . Recall Investigation 2 | . . . . . . . . . . . . . . . . . . . . . 1 . 1 . Recall Extermination 7 | . . . . . . . . . . . . . . 2 . . . . 2 . 1 1 1 . Recall Reinforcements 1 | . . . . . . . . . . . . . . 1 . . . . . . . . . . Registered Components 3 | . . . . . . . . . . . . . . . . . . . . . 1 1 1 . Registered Prototypes 1 | . . . . . . . . . . . . . . . . . . . . . 1 . . . Zone Layout 17 | . 1 . . . 2 . . . . . 2 . . 3 . . . . 2 . 2 1 2 2 Garrison Registry 1 | . . . . . . . . . . . . . . . . . . . . 1 . . . . Proto ID Catalog 1 | . . . . 1 . . . . . . . . . . . . . . . . . . . . Release Object 1 | . . 1 . . . . . . . . . . . . . . . . . . . . . . Fabricator Hacks 30 | . . . . . 7 . 3 . . . . 6 . 4 . . . . 6 . . 2 . 2 Network Status 2 | . . . . . . . . . . . . 1 . 1 . . . . . . . . . . Load Schematic 18 | . . . . . 5 . 3 . . . . 3 . 2 . . . . 3 . . 1 . 1 Build 10 | . . . . . 2 . . . . . . 2 . 1 . . . . 3 . . 1 . 1 Repair Station Hacks 18 | . . . . . 2 . 4 . . . . . . . . . . . 2 . 2 6 2 . Scan Component 9 | . . . . . 1 . 2 . . . . . . . . . . . 1 . 1 3 1 . Repair 9 | . . . . . 1 . 2 . . . . . . . . . . . 1 . 1 3 1 . Recycling Unit Hacks . | . . . . . . . . . . . . . . . . . . . . . . . . . Scanalyzer 28 | . . . . . 2 . 4 . . . . 2 . . . . . . 12 . 6 . 2 . Insert Component 11 | . . . . . 1 . 2 . . . . 1 . . . . . . 5 . 1 . 1 . Analyze 17 | . . . . . 1 . 2 . . . . 1 . . . . . . 7 . 5 . 1 . Garrison Access Hacks 12 | . . . . . . . 1 . . . . . . 2 . . . . 4 . 1 2 . 2 Unlock Access 1 | . . . . . . . . . . . . . . . . . . . 1 . . . . . Seal Access 9 | . . . . . . . 1 . . . . . . 2 . . . . 3 . 1 1 . 1 Coupler Status 2 | . . . . . . . . . . . . . . . . . . . . . . 1 . 1 Unauthorized Hacks 216 | . 12 . 17 . 25 . 15 7 . . 1 18 . 17 . . . . 32 . 20 13 20 19 Terminals 155 | . 11 . 8 . 15 . 7 7 . . . 11 . 10 . . . . 22 . 18 11 20 15 Track 9 | . 1 . . . . . . . . . . . . 1 . . . . 1 . 1 1 1 3 Assimilate 11 | . . . . . . . . . . . . 3 . . . . . . . . 3 1 4 . Botnet 62 | . 5 . 3 . 7 . 3 1 . . . 3 . 4 . . . . 11 . 6 4 10 5 Disrupt 7 | . . . . . 1 . . 1 . . . . . . . . . . 1 . 2 . . 2 Operators 4 | . . . . . 1 . . . . . . . . . . . . . 1 . 1 1 . . Skim 62 | . 5 . 5 . 6 . 4 5 . . . 5 . 5 . . . . 8 . 5 4 5 5 Fabricators 17 | . . . . . 4 . 3 . . . . 3 . 3 . . . . 3 . . 1 . . Prioritize 6 | . . . . . 1 . . . . . . 1 . 1 . . . . 2 . . 1 . . Overload 2 | . . . . . 1 . . . . . . . . 1 . . . . . . . . . . Recompile 9 | . . . . . 2 . 3 . . . . 2 . 1 . . . . 1 . . . . . Repair Stations 6 | . . . . . . . . . . . . . . . . . . . 2 . 2 1 . 1 Patch 6 | . . . . . . . . . . . . . . . . . . . 2 . 2 1 . 1 Recycling Units 33 | . 1 . 9 . 5 . 4 . . . . 3 . 4 . . . . 4 . . . . 3 Tunnel 10 | . 1 . 9 . . . . . . . . . . . . . . . . . . . . . Fedlink 23 | . . . . . 5 . 4 . . . . 3 . 4 . . . . 4 . . . . 3 Scanalyzers 1 | . . . . . . . . . . . . . . . . . . . 1 . . . . . Extract 1 | . . . . . . . . . . . . . . . . . . . 1 . . . . . Garrison Access 4 | . . . . . 1 . 1 . . . 1 1 . . . . . . . . . . . . Jam 4 | . . . . . 1 . 1 . . . 1 1 . . . . . . . . . . . . Data Cores Recovered 3 | . . . . . 1 . . . . . . . . . . . . . 2 . . . . . Used 3 | . . . . . 1 . . . . . . . . . . . . . 2 . . . . . Hacking Detections 146 | . 9 . 6 . 18 . 16 12 1 . 10 14 . 8 . . . . 21 1 7 6 9 8 Full Trace Events 14 | . . . . . 1 . 4 . . . 1 1 . 1 . . . . 4 . . . 1 1 Feedback Events 2 | . . . . . . . 2 . . . . . . . . . . . . . . . . . Corruption 1 | . . . . . . . 1 . . . . . . . . . . . . . . . . . Hackware Fried 1 | . . . . . . . 1 . . . . . . . . . . . . . . . . . Feedback Blocked . | . . . . . . . . . . . . . . . . . . . . . . . . . Robot Schematics Acquired 2 | . . . 1 . . . . . . . . . . . . . . . 1 . . . . . Robots Built 6 | . . . . . . . . . . . . . . . . . . . 6 . . . . . Authchips . | . . . . . . . . . . . . . . . . . . . . . . . . . Time 84 | . . . . . . . . . . . . . . . . . . . 84 . . . . . Total Robot Build Rating 33 | . . . . . . . . . . . . . . . . . . . 33 . . . . . Part Schematics Acquired 61 | . . . . . 4 . 6 7 4 1 2 3 . 2 . . 4 . 19 . . 1 7 1 Parts Built 10 | . . . . . 2 . . . . . . 3 . 1 . . . . 1 . . 1 . 2 Authchips 6 | . . . . . 2 . . . . . . 2 . . . . . . 1 . . 1 . . Time 318 | . . . . . 52 . . . . . . 89 . 46 . . . . 51 . . 38 . 42 Total Part Build Rating 62 | . . . . . 12 . . . . . . 14 . 7 . . . . 8 . . 5 . 16 Parts Repaired 9 | . . . . . 1 . 2 . . . . . . . . . . . 1 . 1 3 1 . Time 257 | . . . . . 50 . 44 . . . . . . . . . . . 22 . 22 88 31 . Parts Recycled . | . . . . . . . . . . . . . . . . . . . . . . . . . Recycled Matter . | . . . . . . . . . . . . . . . . . . . . . . . . . Retrieved Matter . | . . . . . . . . . . . . . . . . . . . . . . . . . Retrieved Components . | . . . . . . . . . . . . . . . . . . . . . . . . . Parts Scanalyzed 10 | . . . . . 1 . 2 . . . . 1 . . . . . . 4 . 1 . 1 . Part Schematics Acquired 9 | . . . . . 1 . 2 . . . . 1 . . . . . . 4 . . . 1 . Parts Damaged . | . . . . . . . . . . . . . . . . . . . . . . . . . Bothacking | -11 -10 -10 -7 -7 -5 -5 -5 -5 -5 -5 -5 -4 -4 -4 -4 -4 -4 -3 -3 -3 -3 -2 -2 -2 ------------ Run | Yrd Mat Sub Rec Scr Fac Was Fac Ext Cet Arc Hub Fac Was Fac Upp Upp Zhi Pro Res Gar Tes Res Qua Frg Used RIF Installer 2 | . . . . . . . . . . . . . . . . . . . . 2 . . . . Program Shield 1 | . . . . . . . . . . . . . . . . . . . . 1 . . . . Robots Hacked 4 | . . . . . 2 . . 2 . . . . . . . . . . . . . . . . Non-combat 2 | . . . . . 2 . . . . . . . . . . . . . . . . . . . Combat 2 | . . . . . . . . 2 . . . . . . . . . . . . . . . . Robot Hacks Applied 4 | . . . . . 2 . . 2 . . . . . . . . . . . . . . . . parse_system 2 | . . . . . . . . 2 . . . . . . . . . . . . . . . . find_chute 2 | . . . . . 2 . . . . . . . . . . . . . . . . . . . Relay Couplers Released 7 | . . . . . . . . . . . . . . . . . . . . 5 . 2 . . Machine Destruction 7 | . . . . . . . . . . . . . . . . . . . . 5 . 2 . . Fabnet Peak Effective % . | . . . . . . . . . . . . . . . . . . . . . . . . . Robots Rewired 13 | . . . . . . . . 12 . . . . . . . . . . . 1 . . . . Allies Hacked 2 | . . . . . . . . . . . . 1 . . . . . . 1 . . . . . Hacks Repelled . | . . . . . . . . . . . . . . . . . . . . . . . . . Allies | -11 -10 -10 -7 -7 -5 -5 -5 -5 -5 -5 -5 -4 -4 -4 -4 -4 -4 -3 -3 -3 -3 -2 -2 -2 -------- Run | Yrd Mat Sub Rec Scr Fac Was Fac Ext Cet Arc Hub Fac Was Fac Upp Upp Zhi Pro Res Gar Tes Res Qua Frg Total Allies 71 | . . . . . . . 12 18 6 . . 3 20 . . . . . 6 1 2 1 2 . Largest Group 21 | . . . . . . . 4 7 7 7 4 1 21 21 . . . . 6 1 1 1 2 . Highest-Rated Group 738 | . . . . . . . 113 285 665 661 323 45 738 738 . . . . 231 99 26 10 36 . Highest-Rated Ally 159 | . . . . . . . 31 159 146 146 102 45 46 46 . . . . 47 99 26 10 26 . Total Orders 13 | . . . . . . . . . 1 3 . 2 . 2 . . . . . . 2 2 . 1 STAY 3 | . . . . . . . . . . . . 1 . . . . . . . . 1 1 . . ROAM 2 | . . . . . . . . . 1 1 . . . . . . . . . . . . . . FOLLOW 5 | . . . . . . . . . . 2 . 1 . . . . . . . . 1 1 . . EXPLORE 2 | . . . . . . . . . . . . . . 2 . . . . . . . . . . RETURN 1 | . . . . . . . . . . . . . . . . . . . . . . . . 1 Ally Attacks 351 | . . . . . . . . 149 55 . 32 . . 89 . . . . 18 5 . . . 3 Total Damage 7873 | . . . . . . . . 2768 1421 . 1040 . . 1798 . . . . 567 123 . . . 156 Kills 51 | . . . . . . . . 23 9 . 5 . . 13 . . . . 1 . . . . . Allies Corrupted 6 | . . . . . . . . . . . 3 . . . . . . . . . . . . 3 Allies Melted 5 | . . . . . . . . . . . . . . . . . . . . . . . . 5 Intel | -11 -10 -10 -7 -7 -5 -5 -5 -5 -5 -5 -5 -4 -4 -4 -4 -4 -4 -3 -3 -3 -3 -2 -2 -2 ------- Run | Yrd Mat Sub Rec Scr Fac Was Fac Ext Cet Arc Hub Fac Was Fac Upp Upp Zhi Pro Res Gar Tes Res Qua Frg Active Infowar (turns) 12435 | 11 586 1231 622 . 1109 27 992 652 520 72 188 548 122 653 73 95 103 126 633 66 694 420 389 2503 Optics 2891 | . . 111 622 . . . . . . . . . . . . . . . . . . . . 2158 Sensors 6296 | . . . . . 825 . 455 599 137 72 188 548 74 648 73 93 103 126 631 7 691 420 358 248 Structural 8466 | . 146 1120 . . 1060 27 906 652 520 72 187 511 122 652 73 95 101 126 594 9 357 407 384 345 Traps 2 | . . . . . . . . . . . . . . . . 2 . . . . . . . . Seismic 971 | 11 440 . . . . . 520 . . . . . . . . . . . . . . . . . Cloaking 739 | . . . . . . . . . . . . . 5 . . . . . . 57 . . 2 675 ECM 756 | . . . . . 25 . 37 . . . . 53 . . . . . . 32 . 381 140 47 41 Robot Analysis Total 19 | . 2 . . 6 1 . . . . . . . . . . . 4 . 1 . 1 . 3 1 Derelict Logs Recovered 8 | . . 1 . 3 . . . . . . . . . . 3 1 . . . . . . . . Drone Launches 9 | . . . . . . . . . . . . . . 2 . . . . . . . . . 7 Drone Recoveries 1 | . . . . . . . . . . . . . . . . . . . . . . . . 1 Exploration | -11 -10 -10 -7 -7 -5 -5 -5 -5 -5 -5 -5 -4 -4 -4 -4 -4 -4 -3 -3 -3 -3 -2 -2 -2 ------------- Run | Yrd Mat Sub Rec Scr Fac Was Fac Ext Cet Arc Hub Fac Was Fac Upp Upp Zhi Pro Res Gar Tes Res Qua Frg Turns Passed 14813 | 86 595 1590 844 1219 1219 27 992 652 520 72 188 660 122 670 73 95 103 126 633 130 694 420 389 2694 Spaces Moved 24197 | 55 495 954 540 1149 2065 70 2276 789 655 39 466 1266 173 1809 249 323 227 298 2416 373 1109 721 1046 4634 Core 1 | 1 . . . . . . . . . . . . . . . . . . . . . . . . Treads 208 | . . 208 . . . . . . . . . . . . . . . . . . . . . . Legs . | . . . . . . . . . . . . . . . . . . . . . . . . . Wheels 2960 | 54 495 746 540 1049 76 . . . . . . . . . . . . . . . . . . . Hover 334 | . . . . . 333 . . . . . . . . . . . . . . . . . . 1 Flight 20694 | . . . . 100 1656 70 2276 789 655 39 466 1266 173 1809 249 323 227 298 2416 373 1109 721 1046 4633 Fastest Speed 7 | 50 80 105 117 35 25 25 25 29 29 29 29 14 19 14 17 17 17 17 13 14 15 12 13 7 Average Speed 34 | 79 89 145 117 103 36 25 27 30 29 29 29 22 19 18 17 17 17 17 14 14 15 14 15 22 Slowest Speed 240 | 80 110 240 117 130 97 25 32 34 107 29 32 99 19 98 17 17 17 17 92 17 93 15 18 162 Overloaded Moves 106 | . . . . . . . . . . . . . . . . . . . . . . . . 106 Propulsion Burnouts . | . . . . . . . . . . . . . . . . . . . . . . . . . Robots Hopped 158 | . . . . . 16 4 5 3 . . 8 4 2 17 1 . . . 11 6 11 10 30 30 Potential Cave-ins 5 | . . . . . . . . . . . . . . . . . . . . . . . 2 3 Cave-ins Triggered . | . . . . . . . . . . . . . . . . . . . . . . . . . Teleports 2 | . . . . . . . . . . . . . . . . . . . . . . . 1 1 Exploration Rate (%) 65 | 3 88 60 99 86 60 71 70 71 68 53 69 39 87 51 58 61 88 63 71 61 90 20 87 70 Regions Visited 24 Branch Regions 14 Pre-discovered Areas 28 | . 3 1 11 5 1 . . 1 . . . . . 2 . . 3 . . . . . . 1 Known Exits Taken 15 | . 1 . . . . . 1 1 1 1 1 . . 1 1 1 1 1 1 . 1 1 1 . Unknown Exits Taken 4 | 1 . 1 1 1 . . . . . . . . . . . . . . . . . . . . Scrap Searched 13 | . . 1 . 4 . . . . . . . . . . 3 3 . 2 . . . . . . Spaces Dug 313 | . 9 5 4 . 51 . 54 3 . . 8 23 . 36 2 5 . 5 36 5 16 17 11 23 Terrain Destroyed 485 | . 38 53 4 . 117 . 54 3 . . 8 23 . 36 2 5 . 5 36 5 17 17 13 49 Melee 286 | . 9 5 4 . 39 . 54 3 . . 8 23 . 36 2 5 . 5 36 5 11 14 10 17 Projectile 39 | . . . . . . . . . . . . . . . . . . . . . 6 3 3 27 AOE 160 | . 29 48 . . 78 . . . . . . . . . . . . . . . . . . 5 Terrain Rammed . | . . . . . . . . . . . . . . . . . . . . . . . . . Walls Destroyed . | . . . . . . . . . . . . . . . . . . . . . . . . . Machines Disabled . | . . . . . . . . . . . . . . . . . . . . . . . . . Actions | -11 -10 -10 -7 -7 -5 -5 -5 -5 -5 -5 -5 -4 -4 -4 -4 -4 -4 -3 -3 -3 -3 -2 -2 -2 --------- Run | Yrd Mat Sub Rec Scr Fac Was Fac Ext Cet Arc Hub Fac Was Fac Upp Upp Zhi Pro Res Gar Tes Res Qua Frg Total 29238 | 74 589 1077 744 1182 2414 75 2501 1134 974 96 488 1561 259 2042 273 352 270 362 2591 420 1584 986 1210 5980 Wait 3277 | . 48 32 198 1 181 5 94 169 265 57 2 203 82 134 23 21 24 60 106 32 418 227 141 754 Move 23889 | 54 494 953 539 1148 2039 63 2265 782 654 38 450 1258 169 1774 246 322 226 297 2393 360 1086 703 992 4584 Hop 127 | . . . . . 10 2 5 3 . . 7 4 1 17 1 . . . 11 5 11 7 23 20 Pick Up 147 | 4 5 7 1 20 18 3 9 2 8 . 1 9 . 4 . . 1 . 5 . 2 2 6 40 Fast Attach 159 | 5 2 1 . 4 27 . 15 5 9 . . 9 2 9 . 2 4 . 6 . 8 6 6 39 Attach 117 | . 1 5 . 1 15 1 5 7 1 . 6 10 . . . . . . 3 3 8 5 4 42 Detach 74 | . 1 . . . 9 . 5 6 4 . 2 4 1 . . . . . . . 8 3 2 29 Swap 122 | . 5 22 . 3 8 . 6 2 . . 1 5 1 16 1 . 1 . 9 2 10 4 3 23 Drop 193 | . 2 12 1 5 27 1 12 4 19 . 2 3 3 22 . 2 4 . 10 1 7 4 8 44 Fire 276 | 11 6 34 . . 6 . . . 6 . . . . . . . . . . . 6 3 3 201 Melee 536 | . 25 11 5 . 61 . 67 57 . 1 10 38 . 48 2 5 10 5 48 13 20 22 22 66 Ram . | . . . . . . . . . . . . . . . . . . . . . . . . . Kick . | . . . . . . . . . . . . . . . . . . . . . . . . . Crush . | . . . . . . . . . . . . . . . . . . . . . . . . . Escape Stasis 264 | . . . . . 13 . 18 59 . . . 18 . 18 . . . . . . . . . 138 Rewire 26 | . . . . . . . . 22 . . . . . . . . . . . 4 . . . . Trap . | . . . . . . . . . . . . . . . . . . . . . . . . . Miscellaneous 31 | . . . . . . . . 16 8 . 7 . . . . . . . . . . . . . Route ------- -11/Scrapyard -10/Materials (discovered 5 exits: *Mat x3 / [*Min] / *Sub) -10/Subcaves (discovered 3 exits: [*Mat x2] / *Rec) -7/Recycling (discovered 2 exits: *Fac / *Scr) -7/Scraptown (discovered 2 exits: *Fac x2) -5/Factory (discovered 8 exits: Fac x4 / *Upp x2 / Ext x2) -5/Waste -5/Factory (discovered 6 exits: *Fac x2 / *Upp x2 / *Ext x2) -5/Extension (discovered 3 exits: *Fac x2 / *Cet) -5/Cetus (discovered 3 exits: *Fac x2 / *Arc) -5/Archives -5/Hub_04(d) (discovered 2 exits: *Fac x2) -4/Factory (discovered 6 exits: *Res x4 / *Upp x2) -4/Waste -4/Factory (discovered 5 exits: *Res x3 / *Upp / Arm) -4/Upper Caves -4/Upper Caves -4/Zhirov -3/Proximity Caves -3/Research (discovered 6 exits: *Res x3 / *Tes x2 / Gar) -3/Garrison (discovered 3 exits: *Tes x3) -3/Testing -2/Research (discovered 3 exits: Acc / *Qua x2) -2/Quarantine (discovered 3 exits: Acc / *Sec / *Frg) -2/Protoforge (discovered 1 exit: Acc) History --------- Turn | Location | Event 10 | -11/Scrapyard | Discovered new exit (range 15) 87 | -11/Scrapyard | Entered Materials 106 | -10/Materials | Discovered new exit (range 12) 148 | -10/Materials | Discovered new exit (range 8) 192 | -10/Materials | Discovered new exit (range 16) 313 | -10/Materials | Build established: Mutant 374 | -10/Materials | Identified exit to Materials 374 | -10/Materials | Identified exit to Subcaves 496 | -10/Materials | Learned location of Subcaves (-10) 540 | -10/Materials | Loaded intel: 2 recycling unit locations 575 | -10/Materials | Learned location of 2 exits from Mines 671 | -10/Materials | Learned location of 2 exits from Materials 682 | -10/Materials | Entered Subcaves 683 | -10/Subcaves | Approached by a straggling Scientist 689 | -10/Subcaves | Learned 2 Materials zone layouts 799 | -10/Subcaves | Discovered new exit (range 10) 914 | -10/Subcaves | Discovered new exit (range 10) 918 | -10/Subcaves | Learned location of Zion (-6) 918 | -10/Subcaves | Met a Zionite searching for "candidates" 1399 | -10/Subcaves | Shifting Twisted Machinery released Sub. Power Source 1405 | -10/Subcaves | Shifting Twisted Machinery released Sub. Power Source 1455 | -10/Subcaves | Ambushed by Subdwellers from Twisted Machinery 1851 | -10/Subcaves | Core integrity fell below 50% 1995 | -10/Subcaves | Discovered new exit (range 11) 2051 | -10/Subcaves | Shifting Twisted Machinery released Sub. Optics 2070 | -10/Subcaves | Shifting Twisted Machinery released Mak. System Shield 2181 | -10/Subcaves | Found SUBCON Basin 2272 | -10/Subcaves | Entered Recycling 2273 | -7/Recycling | Joined Warlord attack on 0b10 via Recycling 2635 | -7/Recycling | Discovered new exit (range 21) 2713 | -7/Recycling | Learned 2 Upper Caves zone layouts 2788 | -7/Recycling | Learned location of 2 exits from Factory 2886 | -7/Recycling | Scanned before Scraplab entrance 2902 | -7/Recycling | Entered Scraplab 2912 | -7/Recycling | Learned location of Warlord (-5) 2919 | -7/Recycling | Discovered new exit (range 3) 2961 | -7/Recycling | Learned 8 Factory zone layouts 3020 | -7/Recycling | Learned location of 1 exit from Cetus 3090 | -7/Recycling | Learned location of 2 exits from Proximity Caves 3116 | -7/Recycling | Entered Scraptown 3200 | -7/Scraptown | Scanned Subdweller tech in exchange for log data 3202 | -7/Scraptown | Learned location of Armory (-4) 3203 | -7/Scraptown | Learned location of 1 exit from Research 3204 | -7/Scraptown | Learned Research garrison access intel 3216 | -7/Scraptown | Discovered new exit (range 11) 3544 | -7/Scraptown | Visited Comm Corps 3602 | -7/Scraptown | Visited UFD Registry 3602 | -7/Scraptown | Registered with UFD as "Laserninja" 3635 | -7/Scraptown | Visited TADAMA 3656 | -7/Scraptown | Visited Shadow of the Wyrm 3664 | -7/Scraptown | Visited Cyclists 3673 | -7/Scraptown | Entered Cyclist Reading Room 3716 | -7/Scraptown | Visited Fellowship of the Rings 3783 | -7/Scraptown | Visited Analyses Database 3825 | -7/Scraptown | Visited Botcube Research 3831 | -7/Scraptown | Found Botcube 3853 | -7/Scraptown | Visited Scrap Suit Storage 3874 | -7/Scraptown | Visited Science Guys 4000 | -7/Scraptown | Visited Supply Room 4029 | -7/Scraptown | Visited Observation Area 4064 | -7/Scraptown | Visited Cartography Club 4072 | -7/Scraptown | Released all parts (6) 4096 | -7/Scraptown | Found Deep Structural Scanner 4100 | -7/Scraptown | Learned location of Lower Caves (-6) 4100 | -7/Scraptown | Learned 20 Factory zone layouts 4100 | -7/Scraptown | Learned 8 Access zone layouts 4100 | -7/Scraptown | Learned 4 Mines zone layouts 4100 | -7/Scraptown | Learned 16 Lower Caves zone layouts 4100 | -7/Scraptown | Learned 8 Upper Caves zone layouts 4100 | -7/Scraptown | Learned 4 Armory zone layouts 4100 | -7/Scraptown | Learned location of 1 exit from Lower Caves 4100 | -7/Scraptown | Learned location of 3 exits from Lower Caves 4100 | -7/Scraptown | Learned location of 1 exit from Upper Caves 4145 | -7/Scraptown | Visited Scrapoid Research Area 4178 | -7/Scraptown | Visited Curators Association 4218 | -7/Scraptown | Visited Junk Cannon Lab 4290 | -7/Scraptown | Met Optimus 4290 | -7/Scraptown | Accepted into 0bPrime 4334 | -7/Scraptown | Discovered new exit (range 3) 4335 | -7/Scraptown | Entered Factory 4335 | -5/Factory | Evolved 10 slots: Power x1, Propulsion x5, Utility x4 4336 | -5/Factory | Identified exit to Upper Caves 4337 | -5/Factory | Identified exit to Extension 4337 | -5/Factory | Identified exit to Factory 4409 | -5/Factory | Loaded intel: 8 recycling unit locations 4664 | -5/Factory | Spotted B-75 Beast 4713 | -5/Factory | Build established: Hacker-Scout 4852 | -5/Factory | Fabricated Nuclear Pulse Array (x1) 4873 | -5/Factory | Fabricated Nuclear Pulse Array (x1) 4899 | -5/Factory | Learned location of Protoforge (-2) 5115 | -5/Factory | Learned Armory garrison access intel 5185 | -5/Factory | Learned location of 1 exit from Research 5243 | -5/Factory | Learned Testing machine intel 5262 | -5/Factory | Lost 5 parts (1p2n2u) 5292 | -5/Factory | Learned location of 1 exit from Extension 5330 | -5/Factory | Learned Extension stockpile data 5357 | -5/Factory | Learned Research scanalyzer intel 5375 | -5/Factory | Learned 4 Extension zone layouts 5442 | -5/Factory | Learned location of 2 exits from Research 5488 | -5/Factory | Learned location of 1 exit from Quarantine 5499 | -5/Factory | Repaired Stasis Canceller? 5554 | -5/Factory | Manually triggered Chute Trap 5554 | -5/Factory | Sucked down chute 5554 | -5/Factory | Entered Waste 5565 | -5/Waste | Spotted C-40 Crusher 5566 | -5/Waste | Spotted C-40 Crusher 5566 | -5/Waste | Spotted C-40 Crusher 5569 | -5/Waste | EMP discharged 5570 | -5/Waste | Spotted C-40 Crusher 5570 | -5/Waste | Crushed by Compactor (0 parts destroyed, 1 dropped) 5570 | -5/Waste | Discovered new exit (range 16) 5570 | -5/Waste | Spotted C-40 Crusher 5581 | -5/Waste | Identified exit to Factory 5581 | -5/Waste | Entered Factory 5630 | -5/Factory | Discovered exit to Factory (range 9) 5761 | -5/Factory | Repaired Greatsword 5814 | -5/Factory | Spotted B-75 Beast 5909 | -5/Factory | Loaded intel: 8 recycling unit locations 5965 | -5/Factory | Hacking Suite fried by hacking feedback 6005 | -5/Factory | Build established: Sprinter 6060 | -5/Factory | Discovered exit to Extension (range 13) 6134 | -5/Factory | Discovered exit to Extension (range 13) 6139 | -5/Factory | Discovered exit to Factory (range 5) 6181 | -5/Factory | Search patrols dispatched 6216 | -5/Factory | Discovered exit to Upper Caves (range 6) 6263 | -5/Factory | Cargo convoy interrupted 6270 | -5/Factory | Tech Extrapolator generated special schematic: Deep Structural Scanner 6304 | -5/Factory | Discovered exit to Upper Caves (range 15) 6562 | -5/Factory | Repaired Greatsword 6573 | -5/Factory | Entered Extension 6585 | -5/Extension | Rescued a captive Derelict 6757 | -5/Extension | Lost 4 allies 6793 | -5/Extension | Rescued a captive Derelict 6837 | -5/Extension | Lost 3 allies 6852 | -5/Extension | Rescued A7 6857 | -5/Extension | Learned Testing stockpile data 6865 | -5/Extension | Spotted B-75 Beast 6920 | -5/Extension | Allies destroyed B-75 Beast 6921 | -5/Extension | Learned 4 Proximity Caves zone layouts 6939 | -5/Extension | Spotted B-75 Beast 6958 | -5/Extension | Rescued a captive Derelict 6961 | -5/Extension | Rescued a captive Derelict 6977 | -5/Extension | Learned location of Proximity Caves (-4) 6985 | -5/Extension | Destroyed B-75 Beast 7022 | -5/Extension | Learned Testing scanalyzer intel 7058 | -5/Extension | Learned Research stockpile data 7161 | -5/Extension | Learned Testing emergency access door positions 7187 | -5/Extension | Rescued a captive Derelict 7189 | -5/Extension | Rescued a captive Derelict 7196 | -5/Extension | Discovered exit to Factory (range 10) 7197 | -5/Extension | Discovered new exit (range 6) 7199 | -5/Extension | Identified exit to Cetus 7225 | -5/Extension | Entered Cetus 7225 | -5/Cetus | Accompanied by 4 allies (A7) 7230 | -5/Cetus | Acquired a Cetus Manufacturing Module code from A7 7242 | -5/Cetus | Spotted Cetus Guard 7242 | -5/Cetus | Spotted Cetus Guard 7244 | -5/Cetus | Spotted Cetus Guard 7248 | -5/Cetus | Spotted Cetus Guard 7257 | -5/Cetus | Destroyed Cetus Guard 7259 | -5/Cetus | Destroyed Cetus Guard 7265 | -5/Cetus | Allies destroyed Cetus Guard 7358 | -5/Cetus | Started Cetus Manufacturing Module 7378 | -5/Cetus | Escorted A7 to Cetus Mainframe 7383 | -5/Cetus | Manufactured an Enhanced Grunt 7408 | -5/Cetus | Manufactured an Enhanced Grunt 7433 | -5/Cetus | Manufactured an Enhanced Grunt 7458 | -5/Cetus | Manufactured an Enhanced Grunt 7483 | -5/Cetus | Manufactured an Enhanced Grunt 7501 | -5/Cetus | Discovered new exit (range 15) 7543 | -5/Cetus | Spotted Cetus Guard 7543 | -5/Cetus | Spotted Cetus Guard 7554 | -5/Cetus | Allies destroyed Cetus Guard 7559 | -5/Cetus | Spotted Cetus Guard 7562 | -5/Cetus | Spotted Cetus Guard 7563 | -5/Cetus | Allies destroyed Cetus Guard 7565 | -5/Cetus | Allies destroyed Cetus Guard 7571 | -5/Cetus | Discovered exit to Factory (range 15) 7576 | -5/Cetus | Found Prototype Device 7576 | -5/Cetus | Identified Exp. Thermal Shield 7581 | -5/Cetus | Met Revision 17 7607 | -5/Cetus | Botcube activated 7629 | -5/Cetus | Botcube completed mutation into treaded form, armed with 1 gun, 1 cannon. 7679 | -5/Cetus | Identified exit to Archives 7745 | -5/Cetus | Entered Archives 7745 | -5/Archives | Accompanied by 7 allies (A7) 7750 | -5/Archives | Received a hacking code to weaken MAIN.C 7771 | -5/Archives | Met Zhirov 7773 | -5/Archives | Discovered new exit (range 15) 7777 | -5/Archives | Reinforcements dispatched to Archives 7777 | -5/Archives | Identified exit to Hub_04(d) 7817 | -5/Archives | Entered Hub_04(d) 7817 | -5/Hub_04(d) | Accompanied by 4 allies 7943 | -5/Hub_04(d) | Network Hub disabled 7949 | -5/Hub_04(d) | Discovered exit to Factory (range 12) 7949 | -5/Hub_04(d) | Spotted Lightning 7949 | -5/Hub_04(d) | Spotted Lightning 7956 | -5/Hub_04(d) | Network Hub disabled 7986 | -5/Hub_04(d) | Spotted Lightning 7986 | -5/Hub_04(d) | Spotted Lightning 7987 | -5/Hub_04(d) | Spotted Lightning 7999 | -5/Hub_04(d) | Discovered exit to Factory (range 9) 8003 | -5/Hub_04(d) | Core integrity fell below 50% 8005 | -5/Hub_04(d) | Entered Factory 8005 | -4/Factory | Evolved 2 slots: Propulsion x1, Utility x1 8006 | -4/Factory | Identified exit to Research 8006 | -4/Factory | Identified exit to Upper Caves 8014 | -4/Factory | Lost 3 allies 8036 | -4/Factory | Lost 9 parts (4n3u2w) 8186 | -4/Factory | Loaded intel: 8 recycling unit locations 8224 | -4/Factory | Found Prototype Hackware 8373 | -4/Factory | Fabricated Stasis Canceller (x2) 8417 | -4/Factory | Fabricated Deep Structural Scanner (x1) 8429 | -4/Factory | Build established: Scavenger-Scout 8436 | -4/Factory | Discovered exit to Upper Caves (range 16) 8496 | -4/Factory | Learned location of 1 exit from Armory 8531 | -4/Factory | Loaded intel: 6 fabricator locations 8577 | -4/Factory | Learned Testing terminal intel 8587 | -4/Factory | Learned Quarantine terminal intel 8593 | -4/Factory | Learned Armory repair station intel 8629 | -4/Factory | Identified Exp. Hacking Suite 8641 | -4/Factory | Central database locked down 8665 | -4/Factory | Manually triggered Chute Trap 8665 | -4/Factory | Sucked down chute 8665 | -4/Factory | Entered Waste 8666 | -4/Waste | Joined by Warlord forces that had cleared the area 8685 | -4/Waste | 1 allies followed down the chute 8694 | -4/Waste | Discovered new exit (range 16) 8741 | -4/Waste | Identified exit to Factory 8787 | -4/Waste | Entered Factory 8787 | -4/Factory | Accompanied by 21 allies 8788 | -4/Factory | Identified exit to Armory 8789 | -4/Factory | Loaded intel: 8 recycling unit locations 8855 | -4/Factory | Lost 4 allies 9004 | -4/Factory | Lost 3 allies 9111 | -4/Factory | Spotted B-86 Titan 9279 | -4/Factory | Build established: Hacker-Scout 9340 | -4/Factory | Discovered exit to Upper Caves (range 9) 9364 | -4/Factory | Fabricated Exp. Signal Interpreter? 9371 | -4/Factory | Learned location of 1 exit from Testing 9385 | -4/Factory | Learned Research trap positions 9387 | -4/Factory | Learned 2 Upper Caves zone layouts 9389 | -4/Factory | Learned Research interactive machine intel 9391 | -4/Factory | Learned location of 1 exit from Proximity Caves 9421 | -4/Factory | Learned 2 Proximity Caves zone layouts 9457 | -4/Factory | Entered Upper Caves 9458 | -4/Upper Caves | Identified exit to Upper Caves 9486 | -4/Upper Caves | Learned Research terminal intel 9518 | -4/Upper Caves | Learned Research emergency access door positions 9530 | -4/Upper Caves | Entered another Upper Caves area 9548 | -4/Upper Caves | Encountered a Warlord checkpoint 9595 | -4/Upper Caves | Discovered new exit (range 8) 9596 | -4/Upper Caves | Identified exit to Zhirov 9625 | -4/Upper Caves | Entered Zhirov 9625 | -4/Zhirov | Discovered new exit (range 3) 9626 | -4/Zhirov | Identified exit to Proximity Caves 9632 | -4/Zhirov | Learned location of Quarantine (-2) 9632 | -4/Zhirov | Learned location of Command (-1) 9636 | -4/Zhirov | Found Alien Artifact 9636 | -4/Zhirov | Identified Integrated Dissipator 9636 | -4/Zhirov | Installed Integrated Dissipator, increased core heat dissipation (+20) 9680 | -4/Zhirov | Found Alien Artifact 9685 | -4/Zhirov | Cloak Generator disabled 9695 | -4/Zhirov | Enhanced Grunts warped into view 9728 | -4/Zhirov | Entered Proximity Caves 9852 | -3/Proximity Caves | Found DCF Scrap (14 items) 9854 | -3/Proximity Caves | Entered Research 9854 | -3/Research | Evolved 2 slots: Utility x2 9855 | -3/Research | Identified exit to Testing 9856 | -3/Research | Identified exit to Research 9857 | -3/Research | Loaded intel: 105 trap records 9860 | -3/Research | Loaded intel: 44 interactive machine locations 9861 | -3/Research | Loaded intel: 21 terminal locations 9862 | -3/Research | Loaded intel: 6 scanalyzer locations 9863 | -3/Research | Loaded intel: 4 garrison access locations 9915 | -3/Research | Loaded intel: 5 recycling unit locations 10040 | -3/Research | Found Prototype Processor 10054 | -3/Research | Revision forces began assault on 0b10 10139 | -3/Research | Fabricated G-67 Veteran (x3) 10161 | -3/Research | Fabricated L-41 Fighter? 10204 | -3/Research | Found Prototype Device 10204 | -3/Research | Identified Exp. Thermal Defense Suite 10209 | -3/Research | Identified Spectral Analyzer 10209 | -3/Research | Identified Transdimensional Reconstructor 10331 | -3/Research | Spotted B-86 Titan 10336 | -3/Research | Central database locked down 10351 | -3/Research | Learned Quarantine trap positions 10388 | -3/Research | Repaired Q-thruster 10417 | -3/Research | Identified exit to Garrison 10418 | -3/Research | Learned 4 Testing zone layouts 10465 | -3/Research | Fabricated Spectral Analyzer (x1) 10476 | -3/Research | Learned Quarantine non-interactive machine intel 10487 | -3/Research | Entered Garrison 10507 | -3/Garrison | Spotted B-86 Titan 10509 | -3/Garrison | Triggered checkpoint 10516 | -3/Garrison | Discovered exit to Testing (range 10) 10524 | -3/Garrison | Attempted to access garrison exit controls, blocked by remote lockdown 10543 | -3/Garrison | Garrison Relay disabled 10557 | -3/Garrison | Triggered checkpoint 10559 | -3/Garrison | Discovered exit to Testing (range 26) 10559 | -3/Garrison | Discovered exit to Testing (range 21) 10559 | -3/Garrison | Discovered exit to Testing (range 49) 10566 | -3/Garrison | Rewired Striker 10584 | -3/Garrison | Lost 3 parts (1n2u) 10602 | -3/Garrison | Installed Relay Interface Framework 10614 | -3/Garrison | Expanded RIF knowledge: Program Shield 10617 | -3/Garrison | Entered Testing 10622 | -3/Testing | Loaded intel: 63 machine locations 10623 | -3/Testing | Loaded intel: 6 terminal locations 10624 | -3/Testing | Loaded intel: 3 scanalyzer locations 10641 | -3/Testing | Lost 3 parts (2n1u) 10709 | -3/Testing | Repaired Q-thruster? 10837 | -3/Testing | Found Prototype Energy Gun 10837 | -3/Testing | Identified Tachyon Dispersion Ray 10853 | -3/Testing | Found Prototype Device 10855 | -3/Testing | Identified Exp. EM Disruption Field 10860 | -3/Testing | Found Prototype Device 10860 | -3/Testing | Identified Adv. Kinecellerator 10865 | -3/Testing | Found Prototype Processor 10865 | -3/Testing | Identified Exp. Target Analyzer 10979 | -3/Testing | Spotted Striker 11071 | -3/Testing | Found Prototype Ballistic Cannon 11071 | -3/Testing | Identified Omega Cannon 11094 | -3/Testing | Learned Research security intel 11147 | -3/Testing | Learned Research terminal intel 11189 | -3/Testing | Learned Testing stockpile data 11219 | -3/Testing | Learned location of 1 exit from Research 11228 | -3/Testing | Build established: Hacker-Sprinter 11240 | -3/Testing | Learned Access trap positions 11249 | -3/Testing | Learned Testing scanalyzer intel 11250 | -3/Testing | Learned location of 1 exit from Quarantine 11258 | -3/Testing | Learned Quarantine trap positions 11277 | -3/Testing | Learned 4 Research zone layouts 11311 | -3/Testing | Entered Research 11311 | -2/Research | Evolved 2 slots: Propulsion x1, Utility x1 11312 | -2/Research | Identified exit to Quarantine 11312 | -2/Research | Identified exit to Access 11315 | -2/Research | Loaded intel: 23 terminal locations 11408 | -2/Research | Repaired Diametric Drive 11443 | -2/Research | Repaired Diametric Drive 11466 | -2/Research | Repaired Mic. Antimatter Reactor 11728 | -2/Research | Fabricated Exp. Utility Shielding (x1) 11731 | -2/Research | Build established: Hacker-Ninja 11731 | -2/Research | Entered Quarantine 11732 | -2/Quarantine | Identified exit to Protoforge 11732 | -2/Quarantine | Identified exit to Section 7 11733 | -2/Quarantine | Loaded intel: 14 trap records 11734 | -2/Quarantine | Loaded intel: 62 non-interactive machine locations 11735 | -2/Quarantine | Loaded intel: 18 terminal locations 11780 | -2/Quarantine | Repaired Lrn. Sensor Array 11827 | -2/Quarantine | Central database locked down 11839 | -2/Quarantine | Discovered exit to Access (range 9) 11886 | -2/Quarantine | Found Alien Energy Cannon 11889 | -2/Quarantine | Identified Core Cannon 11918 | -2/Quarantine | Learned Section 7 terminal intel 11999 | -2/Quarantine | Learned Section 7 emergency access door positions 12023 | -2/Quarantine | Learned Access recycling unit intel 12035 | -2/Quarantine | Found Alien Artifact 12039 | -2/Quarantine | Learned Section 7 emergency access door positions 12041 | -2/Quarantine | Found Alien Artifact 12041 | -2/Quarantine | Identified Dimensional Node Initializer 12041 | -2/Quarantine | Initialized slip node 12043 | -2/Quarantine | Found Dimensional Node Initializer 12047 | -2/Quarantine | Learned Research garrison access intel 12047 | -2/Quarantine | Found Alien Artifact 12047 | -2/Quarantine | Identified Hpw. Transdimensional Reconstructor 12047 | -2/Quarantine | Warped through subspace to slip node 12052 | -2/Quarantine | Identified Subatomic Replicator 12052 | -2/Quarantine | Used Subatomic Replicator to create Alien Artifact 12067 | -2/Quarantine | Learned Access fabricator intel 12069 | -2/Quarantine | Spotted Fortress 12096 | -2/Quarantine | Learned location of 1 exit from Section 7 12120 | -2/Quarantine | Entered Protoforge 12176 | -2/Protoforge | Superfortress began startup sequence 12178 | -2/Protoforge | Spotted Hotshot 12185 | -2/Protoforge | Spotted B-90 Cyclops 12329 | -2/Protoforge | Spotted Hotshot 12329 | -2/Protoforge | Spotted Hotshot 12343 | -2/Protoforge | Spotted Hotshot 12367 | -2/Protoforge | Spotted AP7-3 12367 | -2/Protoforge | Spotted AP7-3 12376 | -2/Protoforge | Spotted EXE-6 12376 | -2/Protoforge | Spotted EXE-6 12382 | -2/Protoforge | UFD initiated attack on Protoforge 12382 | -2/Protoforge | Loaded intel: 3 recycling unit locations 12417 | -2/Protoforge | Found Prototype Device 12417 | -2/Protoforge | Identified Exp. Kinecellerator 12419 | -2/Protoforge | Optimus greeted in Protoforge 12420 | -2/Protoforge | Found Prototype Ballistic Gun 12420 | -2/Protoforge | Identified Cep. XC Strikerail 12421 | -2/Protoforge | Found Prototype Processor 12421 | -2/Protoforge | Identified Exp. Core Analyzer 12443 | -2/Protoforge | Destroyed Hotshot 12446 | -2/Protoforge | Spotted Decapitator 12446 | -2/Protoforge | Spotted Decapitator 12452 | -2/Protoforge | Destroyed Decapitator 12453 | -2/Protoforge | Lost 4 allies 12463 | -2/Protoforge | Initialized slip node 12480 | -2/Protoforge | Lost 4 parts (3n1u) 12485 | -2/Protoforge | Identified Supercharged TR 12485 | -2/Protoforge | Warped through subspace to slip node 12520 | -2/Protoforge | Learned Access emergency access door positions 12524 | -2/Protoforge | Met 7R-MNS 12524 | -2/Protoforge | Lost 6 parts (5n1u) 12532 | -2/Protoforge | Lost 14 allies 12537 | -2/Protoforge | Found Prototype Power Core 12537 | -2/Protoforge | Identified Cep. Zero-point Core 12540 | -2/Protoforge | Found Cep. Zero-point Core 12557 | -2/Protoforge | Found Prototype Launcher 12560 | -2/Protoforge | Identified Ragnarok Missile Launcher 12645 | -2/Protoforge | Fabricated Q-thruster (x2) 12645 | -2/Protoforge | Learned location of 2 exits from Research 12663 | -2/Protoforge | Spotted Executioner 12682 | -2/Protoforge | Spotted Striker 12684 | -2/Protoforge | Spotted Striker 12697 | -2/Protoforge | Spotted Executioner 12704 | -2/Protoforge | Spotted Striker 12705 | -2/Protoforge | Spotted Striker 12716 | -2/Protoforge | Core integrity fell below 50% 12727 | -2/Protoforge | Lost 6 allies 12747 | -2/Protoforge | Lost 3 parts (3n) 12754 | -2/Protoforge | Spotted Overlord 12760 | -2/Protoforge | Learned 8 Access zone layouts 12789 | -2/Protoforge | Spotted Hotshot 12790 | -2/Protoforge | Spotted Hotshot 12790 | -2/Protoforge | Spotted Hotshot 12790 | -2/Protoforge | Spotted Executioner 12790 | -2/Protoforge | Spotted Executioner 12796 | -2/Protoforge | Learned location of 1 exit from Research 12799 | -2/Protoforge | Destroyed 7 combat bots 12814 | -2/Protoforge | Spotted Hotshot 12834 | -2/Protoforge | Spotted Executioner 12841 | -2/Protoforge | Learned 4 Research zone layouts 12854 | -2/Protoforge | Spotted Executioner 12879 | -2/Protoforge | Found Prototype Protection 12879 | -2/Protoforge | Identified Cep. Core Shell 12886 | -2/Protoforge | Spotted Immortal 12886 | -2/Protoforge | Spotted Immortal 13022 | -2/Protoforge | Build established: Hacker-Sprinter 13058 | -2/Protoforge | Found Prototype Processor 13058 | -2/Protoforge | Identified Exp. Targeting Computer 13071 | -2/Protoforge | Forge Plexus network access discovered 13093 | -2/Protoforge | Spotted Immortal 13093 | -2/Protoforge | Spotted Immortal 13160 | -2/Protoforge | Destroyed Immortal 13192 | -2/Protoforge | Spotted Striker 13198 | -2/Protoforge | Spotted Striker 13199 | -2/Protoforge | Destroyed Immortal 13202 | -2/Protoforge | Destroyed Striker 13206 | -2/Protoforge | Destroyed Striker 13226 | -2/Protoforge | Found Exp. Jetlance 13232 | -2/Protoforge | Spotted Executioner 13242 | -2/Protoforge | Spotted Executioner 13267 | -2/Protoforge | Lost 3 allies 13267 | -2/Protoforge | Spotted Striker 13309 | -2/Protoforge | Destroyed Striker 13357 | -2/Protoforge | Spotted Decapitator 13357 | -2/Protoforge | Spotted Decapitator 13443 | -2/Protoforge | Destroyed Immortal 13447 | -2/Protoforge | Destroyed Decapitator 13449 | -2/Protoforge | Destroyed Decapitator 13476 | -2/Protoforge | Lost 4 parts (3n1w) 13486 | -2/Protoforge | Found Prototype Launcher 13486 | -2/Protoforge | Identified Cep. Concussive Dispersal Blaster 13489 | -2/Protoforge | Found Cep. Concussive Dispersal Blaster 13513 | -2/Protoforge | Destroyed Immortal 13518 | -2/Protoforge | Found Prototype Device 13518 | -2/Protoforge | Identified Exp. Cloaking Device 13537 | -2/Protoforge | Found Cep. Heavy Railcannon 13570 | -2/Protoforge | Spotted V318-n 13570 | -2/Protoforge | Spotted V522-b 13570 | -2/Protoforge | Spotted V213-r 13570 | -2/Protoforge | Spotted V093-a 13570 | -2/Protoforge | Found Faulty Cep. Rapid Grenade Launcher 13572 | -2/Protoforge | Found Faulty Cep. Rapid Grenade Launcher 13578 | -2/Protoforge | Found Crosscalibrator 13676 | -2/Protoforge | Found Cep. Core Shell 13678 | -2/Protoforge | Found Cep. Core Shell 13705 | -2/Protoforge | Spotted Decapitator 13705 | -2/Protoforge | Spotted V584-o 13705 | -2/Protoforge | Spotted V100-z 13714 | -2/Protoforge | Spotted Striker 13714 | -2/Protoforge | Spotted Executioner 13739 | -2/Protoforge | Spotted V315-b 13739 | -2/Protoforge | Spotted V644-z 13750 | -2/Protoforge | Found Cep. Antigrav Storage Unit 13753 | -2/Protoforge | Found Cep. Chromion Battery 13755 | -2/Protoforge | Spotted V563-c 13755 | -2/Protoforge | Found Cep. NT7 Matterbank 13756 | -2/Protoforge | Found Cep. Matter Streamer 13862 | -2/Protoforge | Spotted Hotshot 13864 | -2/Protoforge | Spotted Hotshot 13864 | -2/Protoforge | Spotted Executioner 13879 | -2/Protoforge | Spotted Executioner 13883 | -2/Protoforge | Spotted Executioner 13906 | -2/Protoforge | Spotted Executioner 13920 | -2/Protoforge | Spotted Executioner 13931 | -2/Protoforge | Destroyed Executioner 14018 | -2/Protoforge | Spotted Decapitator 14018 | -2/Protoforge | Spotted Decapitator 14018 | -2/Protoforge | Spotted Decapitator 14018 | -2/Protoforge | Spotted Decapitator 14053 | -2/Protoforge | Spotted V810-i 14055 | -2/Protoforge | Spotted V860-z 14055 | -2/Protoforge | Spotted V057-d 14058 | -2/Protoforge | Found Cep. Beam Splitter 14059 | -2/Protoforge | Found Cep. Reaction Jets 14061 | -2/Protoforge | Found Cep. RG22 Armor 14062 | -2/Protoforge | Found Exp. EM Disruption Field 14123 | -2/Protoforge | Build established: Scavenger-Sprinter 14278 | -2/Protoforge | Spotted Immortal 14279 | -2/Protoforge | Spotted Immortal 14330 | -2/Protoforge | Destroyed Immortal 14351 | -2/Protoforge | UFD reported confirmed Drillbomb installation 14354 | -2/Protoforge | Destroyed Immortal 14383 | -2/Protoforge | Spotted AP7-3 14383 | -2/Protoforge | Spotted AP7-3 14393 | -2/Protoforge | Found Cep. Fieldthrust Drive 14403 | -2/Protoforge | Found Faulty Cep. Fieldthrust Drive 14543 | -2/Protoforge | Spotted Executioner 14625 | -2/Protoforge | Destroyed AP7-3 14669 | -2/Protoforge | Found Cep. Cloak Mesh 14670 | -2/Protoforge | Found Faulty Cep. Cloak Mesh 14672 | -2/Protoforge | Found Cep. Impact Drone Bay 14699 | -2/Protoforge | Build established: Hacker-Sprinter 14791 | -2/Protoforge | Lost 10 parts (6n4u) 14793 | -2/Protoforge | Destroyed V810-i 14803 | -2/Protoforge | Found Prototype Launcher 14803 | -2/Protoforge | Identified Enh. Gamma Bomb Array 14808 | -2/Protoforge | Core integrity fell below 20% 14814 | -2/Protoforge | Destroyed by V860-z with Fusion Bomb Launcher Last Messages --------------- 14804_ C-30 ARC bursts open, deploying its payload. 14804_ G-73 Enforcer unfolds itself. 14804_ L-61 Swordsman unfolds itself. 14804_ B-74 Champion unfolds itself. 14804_ E-15 Imp unfolds itself. 14805_ Imp. Corruption Screen intercepted 1% system corruption. 14805_ Cep. Fieldthrust Drive destroyed. 14806_ The unstable cave ceiling collapses. 14809_ Cep. Chromion Battery blown off. 14809_ Cep. RG22 Armor blown off. 14809_ Spectral Analyzer blown off. 14809_ Adv. Hacking Suite blown off. 14809_ E-15 Imp destroyed. 14809_ Exp. Cloaking Device destroyed. 14811_ Extracted 16 energy. 14812_ Cep. Rapid Grenade Launcher destroyed. 14814_ Imp. Corruption Screen intercepted 1% system corruption. Map ----- +----------------------------------------------------+ | ##???????????# #########++######## | | #???????????# #??????" ?????# | | #???????????# #?????#" ????" | | ##### ^ #####???????????# #?????#" " " ?? " | | #???# #???????????????# #?????#"""""""# " | | #???# ^^#???????????????# #?????######### #### | | #???# #???????????????# #?????????????#####??? | | #???# #???????????????# #????????????????????? | | #???# =[#???????????????# % #????????????????????? | | #???#^ #???????????????#%% #????????????????????? | | #???# #################%% #????????????????????? | | ????# % #????????????????????? | | ????# % #????????????????????? | | ????# #????????????????????? | | ????######## ########????????????????????? | | ???????????# #???????????????????????????? | | ???????????# #???????????????????????????? | | ???????????# #???????????????????????????? | | ???????????# #???????????????????????????? | | ???????????## ###########??????????????????? | | ???######### ! #??????????????????? | | ???######### #??????????????????? | | ???##"""""""" #??????????????????? | | ##?## """" ! ######?????????????? | | ##?## "" ########???######??? | | ##### T" V ! @ ###"""""##??#"" "#??? | | ##### l ###" !!!"###" !!#### | | l % !* | | % !=%!! | | b %!!%][ | | g !%!%!% | | " =%[ = = | | "%" %[%!% [*! | | ##### " ;###; ===;"#=*!!!!%"## | | #####""""""""" "" "" "";# ;""" ###?# " " # | | ##?##""""""""""""""""" " ";#########???#####"### | | ##?##"""""""""""""""" " "" ##?#####?????????????# | | ???#################";#####;"##??????????????????# | | ???########################## ##?????????????????# | | ????????????????????????????## ##???????????????# | | #################????????????## ##??????????????## | | #################?????????????#################### | | # # ##??????????????## | | # """ # """ ""##???????????????# "" "" " | | # "" # """ ""##???????????????# """" " "" | | # " # """" ""##???????????????# "" " "" """ | | # " " "" T####??????????#### " " "" | | " "" " "# ##?????###?#### "" | | # "! "## ######? ?#### " " %% | | " *[ = " # # ### ##### % "% "" "" | +----------------------------------------------------+ Best States ------------- Heat Dissipation 187 Energy Generation 49 Energy Capacity 900 Matter Stores 300 Matter Capacity 300 Sight Range 24 Robot Scan Range 18 Terrain Scan Density 10 ECM Strength 2 Cloak Strength 4 Power Amplification 30 Additional Mass Support 9 Base Temperature (-) 200 Corruption Block 15 Armor Coverage 225 Resistance: TH 30 Core Shielding 90 Utility Shielding 90 Weapon Shielding 90 Evasion (%) 68 Core Analysis 8 Recoil Reduction 1 Offensive Hacking 44 Defensive Hacking 14 Authchip Count 4 Item Schematics ----------------- Nuclear Pulse Array | -5/Factory | Hacked Stasis Canceller | -5/Factory | Hacked Q-thruster | -5/Factory | Hacked Imp. System Restoration Module | -5/Factory | Scanalyzed Exp. Utility Shielding | -5/Factory | Scanalyzed Mak. ECM Suite | -5/Factory | Scanalyzed Deep Structural Scanner | -5/Factory | Extrapolated Mak. Medium Armor Plating | -5/Factory | Extrapolated Mak. Power Source | -5/Factory | Extrapolated 0b10 Decoder Chip [Skirmisher] | -5/Factory | Extrapolated Mak. Ablative Armor | -5/Extension | Extrapolated Hvy. Beamcaster | -5/Extension | Extrapolated Mak. Coolant Network | -5/Extension | Extrapolated Mak. Thermal Plating | -5/Extension | Extrapolated 0b10 Decoder Chip [Generic] | -5/Extension | Extrapolated 0b10 Decoder Chip [Scout] | -5/Extension | Extrapolated Mak. Hacking Suite | -5/Extension | Extrapolated Mak. Utility Shielding | -5/Cetus | Extrapolated Mak. System Shield | -5/Cetus | Extrapolated Mak. Sensor Array | -5/Cetus | Extrapolated Tactical Coordination Suite | -5/Cetus | Extrapolated Mak. System Restoration Module | -5/Archives | Extrapolated Mak. Heavy Armor Plating | -5/Hub_04(d) | Extrapolated Mapping Drone Bay | -5/Hub_04(d) | Extrapolated Exp. Hacking Suite | -4/Factory | Scanalyzed Exp. Signal Interpreter | -4/Factory | Hacked Nanoactuators | -4/Factory | Hacked Lrn. Sensor Array | -4/Factory | Hacked Fusion Reactor | -4/Factory | Hacked Assault Drone Bay | -4/Zhirov | Free Exp. Heat Sink | -4/Zhirov | Free Exp. Optical Array | -4/Zhirov | Free Imp. Arc Thrower | -4/Zhirov | Free Adv. Cloaking Device | -3/Research | Scanalyzed Enh. Nova Cannon | -3/Research | Hacked Exp. Focal Shield | -3/Research | Hacked Enh. Quantum Rifle | -3/Research | Hacked Imp. Q-thruster | -3/Research | Hacked Com. HERF Cannon | -3/Research | Hacked Spectral Analyzer | -3/Research | Scanalyzed Adv. System Restoration Module | -3/Research | Scanalyzed Imp. Corruption Screen | -3/Research | Scanalyzed Quantum Rifle | -3/Research | Extracted Adv. Melee Analysis Suite | -3/Research | Extracted Power Amplifier | -3/Research | Extracted Impulse Thruster Array | -3/Research | Extracted Lgt. Antimatter Reactor | -3/Research | Extracted Hds. Centrium Wheel | -3/Research | Extracted Imp. Arc Projector | -3/Research | Extracted Mic. Antimatter Reactor | -3/Research | Hacked Imp. Heavy Siege Treads | -3/Research | Hacked Adv. Phase Shifter | -3/Research | Hacked Femtoactuators | -2/Research | Hacked Exp. EM Shield | -2/Quarantine | Hacked Adv. Force Booster | -2/Quarantine | Hacked Lgt. Quantum Reactor | -2/Quarantine | Hacked Exp. Reaction Control System | -2/Quarantine | Hacked Exp. Phase Shifter | -2/Quarantine | Hacked Cld. Q-thruster | -2/Quarantine | Hacked Exp. Q-thruster | -2/Quarantine | Scanalyzed Cld. Gravmag System | -2/Protoforge | Archive Robot Schematics ------------------ L-41 Fighter | -7/Recycling | Hacked L-61 Swordsman | -3/Research | Hacked Fabricated ------------ Nuclear Pulse Array | x1 | -5/Factory | Authchip Nuclear Pulse Array | x1 | -5/Factory | Authchip Stasis Canceller | x2 | -4/Factory | Authchip Deep Structural Scanner | x1 | -4/Factory | Authchip Exp. Signal Interpreter | x1 | -4/Factory G-67 Veteran | x3 | -3/Research | Preloaded L-41 Fighter | x3 | -3/Research Spectral Analyzer | x1 | -3/Research | Authchip Exp. Utility Shielding | x1 | -2/Research | Authchip Q-thruster | x2 | -2/Protoforge Repaired ---------- Stasis Canceller | 23% | -5/Factory Greatsword | 17% | -5/Factory Greatsword | 69% | -5/Factory Q-thruster | 35% | -3/Research Q-thruster | 2% | -3/Testing Diametric Drive | 40% | -2/Research Diametric Drive | 50% | -2/Research Mic. Antimatter Reactor | 30% | -2/Research Lrn. Sensor Array | 48% | -2/Quarantine Alien Tech Used ----------------- Integrated Dissipator Core Cannon Dimensional Node Initializer High-powered Transdimensional Reconstructor Subatomic Replicator Supercharged TR Achievements -------------- None Challenges ------------ None Game ------ Seed DrainedConstructSource Manual? 0 Play Time 06:08:51 Cumulative 496.7 hours Start 2025.08.26 @ 19:33:30 End 2025.08.28 @ 17:50:23 Sessions 11 Manual Loads 0 Difficulty Rogue Special Mode None Game No. 212 Rogue 212 Adventurer 0 Explorer 0 Win Type - Total 34 Types 14/2/6/2/5/1/0/2/0/2 Lore% 95 Gallery% 87 Achievement% 80 Wizard Run 0 Options --------- Layout 1 ASCII 0 Keyboard 0 Movement Numpad Keybinds 0 Fullscreen 1 Font 24/Smallcaps Map View 50x35 Zoom Use 0% Tactical HUD 1 Map Filters NONE Filters NONE Steam 1 RUN: 017c08f8-39c3-4554-bcc5-4eebf0a9e638